 Dungeon Crawl Stone Soup version 0.25-a0-696-g42a9e46d90 (webtiles) character file.

Game seed: 6244788198657271972, levelgen mode: deterministic

1342750 Hartz the Conqueror (level 27, -5/159 HPs)
             Began as a Gargoyle Earth Elementalist on Mar 30, 2020.
             Was the Champion of Vehumet.
             Killed by divine providence
             ... invoked by a greater mummy
              (11 damage)
             ... on level 1 of the Tomb of the Ancients on Mar 31, 2020.
             The game lasted 07:22:13 (110104 turns).

Hartz the Conqueror (Gargoyle Earth Elementalist) Turns: 110104, Time: 07:22:13

Health: -5/159     AC: 43    Str: 20 (22) XL:     27
Magic:  0/68       EV: 10    Int: 38 (44) God:    Vehumet [******]
Gold:   17629      SH:  0    Dex:  9      Spells: 1/80 levels left

rFire    + + .     SeeInvis +   x - +3 Elemental Staff {rElec rF++ rC++ MR++ AC+5}
rCold    + + .     Gourm    .   (no shield)
rNeg     + . .     Faith    .   E - +4 moon troll leather armour {Spirit, Regen++ MP+5}
rPois    ∞         Spirit   +   Q - +0 mask of the Dragon {MR+ Slay+3 SInv}
rElec    +         Reflect  +   Z - +0 cloak of the Other World {Str+4 SInv}
rCorr    .         Harm     .   Y - +2 pair of gloves {Str+3}
MR       ++...     Rnd*Tele +   p - +1 pair of boots "Nuahyurph" {Regen+}
Stlth    +.........             D - amulet of the Skies Above {Reflect +Inv Int+2 SH+6}
HPRegen  1.96/turn              o - ring "Ruodelyj" {*Slow MP+9 Int+7 Dex+3}
MPRegen  0.41/turn              t - ring of Riqo Quo {Int+9 SInv}

@: about to teleport, vulnerable, flying, held
A: antennae 1, big wings, hooves 1, blink, blurry vision 2, clumsy 2,
deterioration 2, frail 2, negative energy resistance 1, regeneration 1, shaggy
fur 1, electricity resistance, teleportitis 1, unbreathing, petrification
resistance, rot immunity, AC +20
}: 10/15 runes: decaying, serpentine, slimy, silver, abyssal, demonic, glowing,
magical, fiery, dark
a: Stop Flying, Blink, Renounce Religion, Evoke Invisibility


You were on level 1 of the Tomb of the Ancients.
You worshipped Vehumet.
Vehumet was exalted by your worship.
You were full.

You visited 13 branches of the dungeon, and saw 59 of its levels.
You visited Pandemonium 1 time, and saw 22 of its levels.
You visited the Abyss 3 times.
You completed 2 ziggurats, and saw 54 of their levels.
You also visited: Trove, Ossuary, Gauntlet and Wizlab.

You collected 21705 gold pieces.
You spent 4076 gold pieces at shops.

Inventory:

Hand Weapons
 x - the +3 Elemental Staff (weapon) {rElec rF++ rC++ MR++ AC+5}
   (You found it on level 5 of the Vaults)

   It affects your AC (+5).
   It greatly protects you from fire.
   It greatly protects you from cold.
   It insulates you from electricity.
   It affects your resistance to hostile enchantments.
Missiles
 h - 269 silver javelins
Armour
 p - the +1 pair of boots "Nuahyurph" (worn) {Regen+}
   (You found it on level 2 of the Vaults)

   It increases your rate of regeneration.
 E - the +4 moon troll leather armour (worn) {Spirit, Regen++ MP+5}
   (You took it off a moon troll in a wizard's laboratory)

   It affects your magic capacity (+5).
   It increases your rate of regeneration.
 Q - the +0 mask of the Dragon (worn) {MR+ Slay+3 SInv}
   (You found it on level 13 of a ziggurat)

   It affects your accuracy and damage with ranged weapons and melee attacks
   (+3).
   It affects your resistance to hostile enchantments.
   It lets you see invisible.
 Y - a +2 pair of gloves of strength (worn)
 Z - the +0 cloak of the Other World (worn) {Str+4 SInv}
   (You found it on level 3 of the Snake Pit)

   It affects your strength (+4).
   It lets you see invisible.
Magical Staves
 L - an uncursed staff of energy
Jewellery
 g - an uncursed ring of wizardry
 o - the ring "Ruodelyj" (left hand) {*Slow MP+9 Int+7 Dex+3}
   (You found it on level 12 of a ziggurat)

   [ring of magical power]

   It affects your intelligence (+7).
   It affects your dexterity (+3).
   It affects your magic capacity (+9).
   It may slow you when you take damage.
 t - the ring of Riqo Quo (right hand) {Int+9 SInv}
   (You found it on level 1 of the Depths)

   [ring of see invisible]

   It affects your intelligence (+9).
   It lets you see invisible.
 D - the amulet of the Skies Above (around neck) {Reflect +Inv Int+2 SH+6}
   (You found it on level 14 of a ziggurat)

   [amulet of reflection]

   It shields you and reflects attacks.
   It affects your intelligence (+2).
   It lets you turn invisible.
   It affects your SH (+6).
Wands
 q - a wand of acid (67)
 s - a wand of clouds (9)
 z - a wand of iceblast (27)
Scrolls
 a - 23 scrolls of amnesia
 e - 2 scrolls of summoning
 f - 45 scrolls of teleportation
 k - 16 scrolls of holy word
 v - 20 scrolls of blinking
 y - 21 scrolls of identify
 J - 33 scrolls of fog
 O - 64 scrolls of remove curse
 W - 5 scrolls of magic mapping
Potions
 b - 3 potions of brilliance
 c - 16 potions of mutation
 m - 9 potions of cancellation
 n - 40 potions of curing
 r - 4 potions of ambrosia
 u - 16 potions of heal wounds
 w - 6 potions of might
 A - 3 potions of haste
 I - 3 potions of invisibility
 N - 4 potions of berserk rage
 P - 2 potions of resistance
Miscellaneous
 C - 25 phantom mirrors
 F - 30 boxes of beasts
 K - a removed lamp of fire
 V - a phial of floods
Comestibles
 d - 54 rations


   Skills:
 O Level 27 Fighting
   Level 14.0(14.6) Maces & Flails
   Level 11.2(12.0) Polearms
 - Level 8.0(13.9) Staves
 - Level 8.5 Armour
 - Level 15.0 Dodging
 - Level 2.1 Stealth
 O Level 27 Spellcasting
 - Level 20.0 Conjurations
 - Level 10.0 Charms
 - Level 17.0 Necromancy
 - Level 15.0 Translocations
 - Level 10.0 Transmutations
 O Level 27 Fire Magic
 O Level 27 Ice Magic
 + Level 26.2 Air Magic
 O Level 27 Earth Magic
 - Level 6.0 Evocations


You had one spell level left.
You knew the following spells:

 Your Spells              Type           Power        Failure   Level  Hunger
a - Shatter               Erth           #########.   1%          9    None
b - Controlled Blink      Tloc           N/A          5%          8    None
c - Apportation           Tloc           ######       0%          1    None
d - Lehudib's Crystal Sp  Conj/Erth      ########..   1%          8    None
e - Absolute Zero         Ice            #########.   1%          9    None
f - Blink                 Tloc           N/A          0%          2    None
g - Ignition              Fire           #########.   1%          8    None
h - Death's Door          Chrm/Necr      ########..   11%         8    None
i - Fire Storm            Conj/Fire      ########..   1%          9    None
j - Necromutation         Tmut/Necr      ########..   11%         8    None
k - Tornado               Air            #########.   1%          9    None

Your spell library contained the following spells:

 Spells                   Type           Power        Failure   Level  Hunger
 Chain Lightning          Conj/Air       ########..   1%          8    None
 Animate Skeleton         Necr           N/A          0%          1    None
 Beastly Appendage        Tmut           ######       0%          1    None
 Foxfire                  Conj/Fire      ####         0%          1    None
 Freeze                   Ice            ####         0%          1    None
 Infusion                 Chrm           ####         0%          1    None
 Magic Dart               Conj           ####         0%          1    None
 Pain                     Necr           ####         0%          1    None
 Sandblast                Erth           ######       0%          1    None
 Shock                    Conj/Air       ####         0%          1    None
 Corona                   Hex            ######.      1%          1    None
 Sting                    Tmut/Pois      ####         1%          1    None
 Summon Butterflies       Summ           ######..     1%          1    None
 Summon Small Mammal      Summ           ####         1%          1    None
 Corpse Rot               Necr/Air       N/A          0%          2    None
 Ensorcelled Hibernation  Hex/Ice        ######       0%          2    None
 Passwall                 Tmut/Erth      ########     0%          2    None
 Poisonous Vapours        Pois/Air       ######       0%          2    None
 Searing Ray              Conj           ######       0%          2    None
 Shroud of Golubria       Chrm/Tloc      ######       0%          2    None
 Song of Slaying          Chrm           #######.     0%          2    None
 Sticks to Snakes         Tmut           #######.     0%          2    None
 Swiftness                Chrm/Air       ########     0%          2    None
 Conjure Flame            Conj/Fire      ########     0%          3    None
 Dazzling Flash           Conj/Hex       ######       0%          3    None
 Frozen Ramparts          Ice            ######       0%          3    None
 Gell's Gravitas          Tloc           ########..   0%          3    None
 Ignite Poison            Fire/Tmut/Pois ########     0%          3    None
 Inner Flame              Hex/Fire       ########     0%          3    None
 Lesser Beckoning         Tloc           ########..   0%          3    None
 Mephitic Cloud           Conj/Pois/Air  ########     0%          3    None
 Ozocubu's Armour         Chrm/Ice       ########     0%          3    None
 Static Discharge         Conj/Air       ########     0%          3    None
 Stone Arrow              Conj/Erth      ######       0%          3    None
 Teleport Other           Tloc           ########     0%          3    None
 Vampiric Draining        Necr           ########..   0%          3    None
 Airstrike                Air            #########.   0%          4    None
 Animate Dead             Necr           N/A          0%          4    None
 Dispel Undead            Necr           ########     0%          4    None
 Hailstorm                Conj/Ice       ########     0%          4    None
 Ice Form                 Ice/Tmut       ########     0%          4    None
 Iskenderun's Mystic Bla  Conj/Tloc      ########     0%          4    None
 Leda's Liquefaction      Hex/Erth       ########..   0%          4    None
 Passage of Golubria      Tloc           N/A          0%          4    None
 Petrify                  Tmut/Erth      ########     0%          4    None
 Sticky Flame             Conj/Fire      ########     0%          4    None
 Summon Ice Beast         Ice/Summ       ########     0%          4    None
 Agony                    Necr           ########     0%          5    None
 Bolt of Magma            Conj/Fire/Erth #########.   0%          5    None
 Borgnjor's Vile Clutch   Necr/Erth      ########..   0%          5    None
 Fireball                 Conj/Fire      ########..   0%          5    None
 Irradiate                Conj/Tmut      ########..   0%          5    None
 Iskenderun's Battlesphe  Conj/Chrm      ########     0%          5    None
 Lee's Rapid Deconstruct  Erth           #########.   0%          5    None
 Lightning Bolt           Conj/Air       ########..   0%          5    None
 Conjure Ball Lightning   Conj/Air       ########..   0%          6    None
 Freezing Cloud           Conj/Ice/Air   #########.   0%          6    None
 Iron Shot                Conj/Erth      ########..   0%          6    None
 Ozocubu's Refrigeration  Ice            #########.   0%          6    None
 Simulacrum               Ice/Necr       ########..   0%          6    None
 Starburst                Conj/Fire      ########..   0%          6    None
 Call Imp                 Summ           ######..     1%          2    None
 Slow                     Hex            ######..     1%          2    None
 Call Canine Familiar     Summ           ######..     1%          3    None
 Confusing Touch          Hex            ######..     1%          3    None
 Portal Projectile        Hex/Tloc       ######       1%          3    None
 Recall                   Summ/Tloc      N/A          1%          3    None
 Spectral Weapon          Hex/Chrm       ######..     1%          3    None
 Spider Form              Tmut/Pois      ######....   1%          3    None
 Summon Guardian Golem    Hex/Summ       ######..     1%          3    None
 Tukima's Dance           Hex            ######..     1%          3    None
 Fulminant Prism          Conj/Hex       #######...   1%          4    None
 Olgreb's Toxic Radiance  Pois           ######..     1%          4    None
 Summon Lightning Spire   Summ/Air       ########     1%          4    None
 Alistair's Intoxication  Tmut/Pois      ######..     1%          5    None
 Blade Hands              Tmut           #######...   1%          5    None
 Excruciating Wounds      Chrm/Necr      ########..   1%          5    None
 Metabolic Englaciation   Hex/Ice        ########..   1%          5    None
 Silence                  Hex/Air        ########..   1%          5    None
 Summon Forest            Summ/Tloc      #######...   1%          5    None
 Yara's Violent Unravell  Hex/Tmut       ######....   1%          5    None
 Death Channel            Necr           ########..   1%          6    None
 Deflect Missiles         Chrm/Air       ########..   1%          6    None
 Dispersal                Tloc           ########..   1%          6    None
 Hydra Form               Tmut           #######...   1%          6    None
 Orb of Destruction       Conj           ########..   1%          7    None
 Ring of Flames           Chrm/Fire      ########..   1%          7    None
 Spellforged Servitor     Conj/Summ      #######...   1%          7    None
 Borgnjor's Revivificati  Necr           ########..   2%          8    None
 Infestation              Necr           ########..   2%          8    None
 Cause Fear               Hex            ######....   4%          4    None
 Dragon Form              Tmut           #######...   5%          7    None
 Disjunction              Tloc           ########..   5%          8    None
 Eringya's Noxious Bog    Tmut/Pois      ######....   8%          6    None
 Aura of Abjuration       Summ           ######....   11%         5    None
 Summon Demon             Summ           ######....   11%         5    None
 Summon Mana Viper        Hex/Summ       ######..     11%         5    None
 Haunt                    Necr/Summ      #######...   11%         7    None
 Malign Gateway           Summ/Tloc      #######...   16%         7    None
 Darkness                 Hex            ######....   52%         6    None
 Invisibility             Hex            ######..     52%         6    None
 Shadow Creatures         Summ           N/A          52%         6    None
 Summon Hydra             Summ           ######....   98%         7    None
 Discord                  Hex            ######....   100%        8    None
 Dragon's Call            Summ           ######....   100%        9    None
 Sublimation of Blood     Necr           Unusable     N/A         2    N/A
 Statue Form              Tmut/Erth      Unusable     N/A         6    N/A

Dungeon Overview and Level Annotations

Branches:
Dungeon (15/15)            Temple (1/1) D:7            Lair (6/6) D:10
  Swamp (4/4) Lair:4        Snake (4/4) Lair:3        Slime (5/5) Lair:5
    Orc (2/2) D:11            Elf (3/3) Orc:2        Vaults (5/5) D:13
  Crypt (3/3) Vaults:3       Tomb (1/3) Crypt:3      Depths (5/5) D:15
    Zot (5/5) Depths:5    Ossuary (visited)          WizLab (visited)
Gauntlet (visited)

Altars:
Elyvilon
Hepliaklqana
Kikubaaqudgha
Nemelex Xobeh
Okawaru
Qazlal
Ru
Sif Muna
Trog
Uskayaw
Vehumet
Wu Jian
Xom
Yredelemnul
Zin
The Shining One
Lugonu

Shops:
D:4 :   D:9 [   D:10 !   D:12 !   D:13 *   Orc:1 (   Orc:2 ([*(=   Elf:3 (
Snake:1 }:   Depths:5 =}}

Portals:
Hell: Depths:1 Depths:2 Depths:3 Depths:4 Depths:5
Abyss: Elf:1 Crypt:2 Depths:2 Depths:4 Depths:5
Pandemonium: Depths:3
Ziggurat: D:15

Annotations:
D:6 3 runed translucent doors, iVAG's ghost, novice DrCj
Lair:3 1 runed translucent door, DasRunzen's ghost, journeyman OpAs
Snake:1 3 transporters
Elf:2 5 runed translucent doors
Crypt:2 2 transporters
Depths:1 2 transporters, Acwon's ghost, legendary TrMo


Innate Abilities, Weirdness & Mutations

You are resistant to torment.
Your stone body is resilient. (AC +20)
You are immune to poison.
Your large and strong wings let you fly indefinitely.
You resist negative energy. (rN+)
You are resistant to electric shocks. (rElec)
You can survive without breathing.
You are immune to petrification.
You are immune to rotting.
You have a pair of small antennae on your head.
You have large cloven feet.
You can translocate small distances at will.
Scrolls take you longer to read.
You are very clumsy. (Dex -4)
Your body often deteriorates upon taking damage.
You are very frail. (-20% HP)
Your natural rate of healing is unusually fast.
You are covered in fur. (AC +1)
You are occasionally teleported next to monsters.


Message History

You can't drink.
You feel yourself come back to life.
The jiangshi claws you but does no damage. x2
The soul eater hits you but does no damage.
The phantasmal warrior is engulfed in freezing vapours.
The phantasmal warrior hits you but does no damage.
The flayed ghost is engulfed in freezing vapours.
You destroy the flayed ghost!
The greater mummy is engulfed in freezing vapours.
The greater mummy calls on the powers of darkness!
The emperor scorpion convulses! x3; Your body is wracked with pain!
* * * LOW HITPOINT WARNING * * *
The emperor scorpion convulses! x3
The jiangshi claws you but does no damage.
The jiangshi barely misses you.
The emperor scorpion is engulfed in freezing vapours.
The greater mummy is engulfed in freezing vapours.
The greater mummy casts a spell at you. Something smites you!
You die...

,*,*,*,,*,,#....................*
,*^,^*,,*,,#....................*
,********,,#....................*
,,,,,,,,,,,#^........§..........*
,,,,,,,,,,,#........§§......W...*
*********###.......§§§..$.......*
^,,,,,,,,...^...sZM§§§..........*
,,^,,,,,,.......zsM§§§..........*
,*********##....@WsZ4s5.........*
,*,*^,,*^,^#...V3W53.3......s###*
,*>,,*,,,*,#....zss4W.......#..,*
,*********,#......5...^.......^^*
,,,,,,,,,,^#................#^^!*
***********####################**
,,,,,,,,,,,,,,,,,,,,,,,,,,,,,,,,,
,,,,,,,,,,,,,,,,,,,^,,,,,,,,,,,,,
*********************************


You could see 2 greater mummies, 6 emperor scorpions, a skeletal warrior, a
jiangshi, a soul eater, 2 flayed ghosts, a phantasmal warrior, 2 ice devils, 2
ynoxinuls, a flying skull, a fire dragon simulacrum, 3 ufetubi and a fire dragon
skeleton.

Vanquished Creatures
  Cerebov (Pan)
  the Royal Jelly (Slime:5)
  57 pandemonium lords
  Mnoleg (Pan)
  Lom Lobon (Pan)
  Gloorx Vloq (Pan)
  2 orbs of fire (Zot:5)
  Mara (Depths:4)
  12 juggernauts
  17 ancient liches
  A juggernaut (shapeshifter) (Zig:18)
  Bai Suzhen (Vaults:3)
  4 greater mummies (Tomb:1)
  A shard shrike (Zig:20)
  24 Killer Klowns
  Boris (thrice) (Vaults:3 Crypt:1 Depths:3)
  Margery (Crypt:1)
  The ghost of Util the Axe Maniac, a veteran MiBe of Trog (Crypt:2)
  A curse toe (Zot:2)
  Xtahua (Vaults:2)
  17 golden dragons
  The ghost of Rogoegg the Slayer, an adept MiMo of Okawaru (Vaults:2)
  21 caustic shrikes
  Nikola (Vaults:3)
  A profane servitor (Crypt:2)
  12 Brimstone Fiends
  10 bone dragons
  3 electric golems
  7 Tzitzimimeh
  7 hellephants
  9 iron giants
  15 Hell Sentinels
  5 Ice Fiends
  A moon troll (WizLab)
  18 liches
  25 Orb Guardians (Zot:5)
  26 tentacled monstrosities
  11 titans
  A deep elf blademaster (Elf:3)
  16 quicksilver dragons
  12 deep elf master archers
  2 quicksilver dragons (shapeshifter)
  An acid blob (shapeshifter) (Zig:22)
  26 acid blobs
  17 sphinxes
  6 death cobs
  14 ancient champions
  2 eldritch tentacles (Pan)
  19 Executioners
  31 tentacled starspawn
  8 tengu reavers
  Kirke (D:14)
  3 sphinxes (shapeshifter)
  6 thorn hunters
  4 revenants
  8 storm dragons
  74 nagarajas
  4 azure jellies (shapeshifter)
  2 shadow dragons (shapeshifter)
  19 draconian monks
  Roxanne (Snake:4)
  6 shadow dragons
  20 azure jellies
  2 ghost moths (shapeshifter)
  11 deep elf sorcerers
  13 fire giants
  12 frost giants
  22 draconian knights
  16 draconian scorchers
  2 fire giants (shapeshifter)
  20 vault wardens
  41 orc warlords
  14 ghost moths
  3 daevas
  40 balrugs
  2 frost giants (shapeshifter) (Zig:22)
  15 corrupters
  5 curse skulls
  3 iron dragons
  11 warmongers
  6 emperor scorpions
  24 cacodemons
  10 ghouls
  22 draconian annihilators
  3 caustic shrike zombies
  19 draconian shifters
  2 stone giants (shapeshifter)
  4 juggernaut zombies
  15 draconian stormcallers
  8 blood saints
  9 deep elf elementalists
  2 spriggan defenders (Depths:5)
  A caustic shrike skeleton (Zig:20)
  11 war gargoyles
  59 stone giants
  19 ironheart preservers
  29 reapers
  13 entropy weavers
  55 very ugly things
  An entropy weaver (shapeshifter) (Zig:18)
  22 green draconians
  11 vampire knights
  13 lorocyprocas
  9 deep elf demonologists
  13 dire elephants
  14 black suns
  A minotaur (Gauntlet)
  2 bennus (Zig:7)
  13 red draconians
  15 black draconians
  19 spark wasps
  12 deep elf annihilators
  11 yellow draconians
  14 purple draconians
  16 white draconians
  5 dire elephants (shapeshifter)
  An ettin (shapeshifter) (Depths:4)
  43 blizzard demons
  18 merfolk javelineers
  3 eidola
  11 jiangshi
  11 fire dragons
  4 crystal guardians (Depths:1)
  37 green deaths
  9 deep elf death magi
  10 mummy priests
  18 ettins
  7 death oozes
  15 ogre magi
  2 quicksilver dragon zombies
  Josephine (Orc:1)
  8 merfolk impalers
  26 great orbs of eyes
  11 deep elf high priests
  9 ice dragons
  A quicksilver dragon skeleton (Crypt:3)
  39 yaktaur captains
  Harold (D:7)
  9 monstrous demonspawn (Pan)
  6 spriggan air magi
  27 vault guards
  60 hydras
  An alligator snapping turtle (Zig:24)
  A hydra (shapeshifter) (Zig:18)
  32 naga warriors
  9 rakshasas
  9 shambling mangroves
  20 centaur warriors
  5 catoblepae
  5 hell beasts
  5 ghost crabs
  A satyr (shapeshifter) (D:15)
  5 merfolk avatars
  A queen ant (shapeshifter) (Zig:19)
  19 alligators
  8 satyrs
  17 dancing weapons
  18 anacondas
  4 alligator snapping turtles (shapeshifter)
  A death scarab (Zig:7)
  11 death knights
  3 hell hogs
  12 vampire magi
  13 merfolk aquamancers
  7 death yaks
  53 two-headed ogres
  Urug (Elf:3)
  8 deep troll shamans
  6 holy swine (Pan)
  43 orc high priests
  11 deep troll earth magi
  8 tengu warriors
  Sonja (Lair:1)
  32 thrashing horrors
  A death yak (shapeshifter) (Zig:15)
  25 shock serpents
  34 naga sharpshooters
  5 shock serpents (shapeshifter)
  8 spriggan berserkers
  18 hell knights
  31 deep elf knights
  2 titan zombies
  87 sun demons
  57 skeletal warriors
  8 shadow wraiths
  4 salamander mystics
  A storm dragon skeleton (Crypt:3)
  3 storm dragon zombies
  49 wretched stars
  121 large abominations
  40 soul eaters
  7 unseen horrors
  8 spatial maelstroms
  32 sixfirhies
  2 unseen horrors (shapeshifter)
  5 titan skeletons
  A glowing orange brain (shapeshifter) (Zig:16)
  7 death drakes
  4 spark wasp zombies
  A deep troll (shapeshifter) (Zig:8)
  13 infernal demonspawn (Pan)
  21 iron trolls
  15 sea snakes
  2 death drakes (shapeshifter) (Zig:16)
  16 gelid demonspawn
  A quicksilver dragon simulacrum (Crypt:3)
  5 spriggan druids
  25 naga ritualists
  3 sea snakes (shapeshifter)
  15 shadow demons
  7 flayed ghosts
  48 deep trolls
  A swamp dragon (shapeshifter) (Vaults:5)
  3 golden dragon zombies
  23 swamp dragons
  7 wizards
  19 phantasmal warriors
  12 torturous demonspawn (Pan)
  A golden dragon skeleton (Zig:13)
  11 obsidian statues
  2 lindwurms (shapeshifter)
  20 glowing orange brains
  6 tengu zombies
  A harpy (shapeshifter) (Zig:22)
  18 ironbrand convokers
  35 deep elf archers
  2 shadow dragon zombies
  12 necromancers
  5 oklob plants
  7 orange crystal statues
  2 wolf spider zombies
  20 orc knights
  3 anaconda skeletons (Crypt:3)
  22 mana vipers
  A fire giant zombie (Zig:11)
  21 harpies
  A mana viper (shapeshifter) (Vaults:5)
  32 orc sorcerers
  3 wolf spiders (shapeshifter)
  75 deep elf magi
  3 human zombies
  A faun (shapeshifter) (Zig:22)
  A shining eye (shapeshifter) (Zig:19)
  8 cyclopes
  An orb spider (shapeshifter) (Zig:23)
  8 orb spiders
  3 shadow dragon skeletons
  2 tengu skeletons
  2 iron dragon zombies (Zig:23)
  4 sphinx zombies
  3 frost giant zombies
  80 ugly things
  A sphinx skeleton (Zig:5)
  12 shining eyes
  48 moths of wrath
  15 fauns
  4 elephants (shapeshifter)
  6 elephants
  13 manticores
  21 salamanders
  14 wolf spiders
  A moth of wrath (shapeshifter) (Zig:19)
  An iron dragon skeleton (Abyss:2)
  7 worldbinders
  19 vault sentinels
  A frost giant skeleton (Crypt:3)
  2 black mambas (shapeshifter)
  A water nymph (shapeshifter) (Zig:18)
  10 merfolk sirens
  3 elf zombies
  24 guardian serpents
  102 black mambas
  A guardian serpent (shapeshifter) (Vaults:4)
  22 apocalypse crabs
  A gargoyle (D:11)
  18 water nymphs
  18 rust devils
  51 naga magi
  2 fire giant skeletons
  4 stone giant skeletons
  3 torpor snails
  3 ice statues
  26 orange demons
  5 spriggan zombies
  A spriggan skeleton (Zig:20)
  2 torpor snails (shapeshifter)
  6 eyes of devastation
  2 eyes of devastation (shapeshifter)
  65 smoke demons
  27 freezing wraiths
  5 spectral swamp worms (Depths:5)
  33 spiny frogs
  A catoblepas zombie (Crypt:3)
  3 kobold demonologists
  23 demonic crawlers
  7 rime drakes
  18 hellions
  A minotaur zombie (Crypt:3)
  A redback zombie (Crypt:2)
  13 komodo dragons
  56 yaktaurs
  10 efreet
  2 yaktaurs (shapeshifter)
  An iron troll zombie (Crypt:3)
  43 red devils
  21 tormentors
  22 ice devils
  3 human skeletons
  6 elf skeletons
  A jumping spider (shapeshifter) (Zig:25)
  A merfolk (shapeshifter) (Zig:18)
  A queen bee (shapeshifter) (Zig:22)
  21 ancient zymes
  3 yaktaur skeletons
  19 trolls
  10 guardian mummies
  6 tengu conjurers
  38 hellwings
  34 hornets
  36 merfolk
  3 meliai (D:15)
  7 polar bears
  4 jumping spiders
  A harpy skeleton (Pan)
  A silent spectre (Abyss:2)
  A wind drake (Zig:17)
  A hornet (shapeshifter) (Depths:3)
  18 blink frogs
  14 tyrant leeches
  A slime creature (shapeshifter) (Vaults:5)
  A blink frog (shapeshifter) (Elf:1)
  14 bog bodies
  15 hippogriffs
  A raiju (shapeshifter) (Vaults:4)
  96 slime creatures
  9 snapping turtles
  2 dream sheep (shapeshifter)
  A hydra skeleton (Crypt:2)
  2 ettin zombies
  29 raiju
  An alligator zombie (Crypt:3)
  20 flying skulls
  An air elemental (Elf:2)
  A redback (shapeshifter) (Zig:16)
  10 shadows
  A tarantella (shapeshifter) (Zig:22)
  12 redbacks
  21 spriggans
  4 wyverns
  3 ice dragon skeletons (Crypt:3)
  17 water elementals
  An ettin skeleton (Crypt:3)
  3 vampires
  An alligator skeleton (Crypt:3)
  56 yaks
  A fire bat (Zig:26)
  6 tarantellas
  A wyvern (shapeshifter) (Depths:2)
  62 ynoxinuls
  23 wraiths
  A human (shapeshifter) (Depths:4)
  7 fire elementals
  59 chaos spawn
  A hog (shapeshifter) (Vaults:3)
  5 hungry ghosts
  14 golden eyes
  11 swamp worms
  29 vampire mosquitoes
  33 neqoxecs
  33 insubstantial wisps
  A swamp worm (shapeshifter) (Zig:19)
  12 wargs
  89 nagas
  9 spatial vortices
  An acid dragon (shapeshifter) (Vaults:2)
  A soldier ant (shapeshifter) (Depths:4)
  4 acid dragons
  33 water moccasins
  8 hell hounds
  4 floating eyes
  9 porcupines
  A floating eye (shapeshifter) (Vaults:1)
  A deep troll skeleton (Crypt:3)
  23 swamp drakes
  2 ettin simulacra (Vaults:2)
  A two-headed ogre skeleton (Crypt:3)
  A snapping turtle zombie (Crypt:1)
  5 ice beasts
  83 orc warriors
  2 sky beasts
  A spiny frog skeleton (Crypt:3)
  6 black bears
  An eye of draining (shapeshifter) (Depths:4)
  48 wolves
  22 eyes of draining
  50 ogres
  3 phantoms
  11 boggarts
  9 necrophages
  A snapping turtle skeleton (Pan)
  15 centaurs
  24 crocodiles
  A swamp dragon skeleton (Crypt:1)
  A hog zombie (Crypt:2)
  7 big kobolds
  A yaktaur zombie (Crypt:2)
  9 bullfrogs
  35 small abominations
  A gnoll sergeant (D:8)
  An earth elemental (Elf:2)
  A hornet simulacrum (Vaults:1)
  2 glowing shapeshifter simulacra (Vaults:1)
  A queen bee zombie (Crypt:1)
  3 scorpions
  18 killer bees
  20 wights
  3 elf simulacra
  A howler monkey (shapeshifter) (Vaults:1)
  2 electric eels (D:11)
  7 crimson imps
  6 quasits
  108 starcursed masses
  A basilisk zombie (Crypt:2)
  3 bullfrog zombies
  4 centaur zombies
  6 hounds
  18 iron imps
  21 jellies
  38 orc wizards
  34 orc priests
  4 centaur skeletons
  7 bullfrog skeletons
  4 iguanas
  Natasha (thrice) (D:2 D:1)
  15 worker ants
  3 hell rats (D:6)
  A killer bee zombie (D:8)
  A dwarf zombie (Crypt:2)
  A big kobold zombie (Ossuary)
  A deep dwarf skeleton (Crypt:1)
  A demigod skeleton (Crypt:2)
  An ogre skeleton (Crypt:3)
  A naga skeleton (Crypt:2)
  3 hound zombies
  2 hound skeletons
  28 mummies
  13 gnolls
  A worker ant zombie (D:11)
  17 adders
  4 river rats (D:6)
  7 shadow imps
  6 white imps
  6 ufetubi
  3 oozes
  2 adder skeletons
  2 adder zombies
  A halfling skeleton (Crypt:1)
  2 lava snake skeletons
  A worm (shapeshifter) (Vaults:2)
  2 worms
  5 dart slugs
  7 leopard geckos
  118 orcs
  4 giant cockroaches
  A gnoll zombie (Ossuary)
  4 hobgoblins
  6 jackals
  24 kobolds
  4 quokkas
  2 ball pythons
  A ball python skeleton (Crypt:3)
  9 bats
  4 frilled lizards
  A gnoll skeleton (Crypt:3)
  7 goblins
  2 hobgoblin zombies (Ossuary)
  4 kobold zombies (Ossuary)
  An orc skeleton (Crypt:3)
  A quokka skeleton (D:5)
  20 rats
  31 blocks of ice
  17 briar patches
  5 crawling corpses
  186 fire vortices
  A plant (Lair:5)
  20 starspawn tentacles
  24 withered plants (Crypt:3)
6475 creatures vanquished.

Vanquished Creatures (collateral kills)
  4 acid blobs
  A draconian knight (Zot:4)
  A draconian stormcaller (Zot:4)
  A green draconian (Zig:7)
  An entropy weaver (Zig:9)
  2 spark wasps (Depths:3)
  A rakshasa (Zig:25)
  An alligator snapping turtle (shapeshifter) (Zig:15)
  A death yak (Lair:5)
  A wretched star (Zig:27)
  A shining eye (Zig:17)
  An ugly thing (Zig:15)
  A slime creature (Zig:17)
  2 black mambas (Snake:3)
  2 naga magi (Snake:3)
  An orange demon (Zig:27)
  An ancient zyme (Zig:27)
  An ushabti (Zig:7)
  A neqoxec (Pan)
  A naga (Snake:3)
  A floating eye (shapeshifter) (Depths:4)
  A crocodile (Zig:19)
28 creatures vanquished.

Vanquished Creatures (others)
  A pandemonium lord (Zig:22)
  A quicksilver dragon (WizLab)
  A tentacled starspawn (WizLab)
  An eldritch tentacle (Pan)
  A nagaraja (Zig:24)
  A warmonger (Pan)
  A deep elf annihilator (Vaults:3)
  An ogre mage (Depths:3)
  A rakshasa (D:13)
  An alligator (Zig:16)
  A shock serpent (Snake:4)
  A harpy (Zig:24)
  2 smoke demons (Pan)
  A guardian serpent (Snake:1)
  A spriggan (Swamp:1)
  A ynoxinul (Pan)
  3 humans (D:15)
  2 vampire mosquitoes (Swamp:2)
  A chaos spawn (Pan)
  A naga (Snake:3)
  2 orc warriors
  An iron imp (Depths:1)
  A bullfrog skeleton (Crypt:3)
  3 orcs (Orc:2)
  42 blocks of ice
  14 demonic plants
  259 fire vortices
  18 fungi
  4 plants
  27 starspawn tentacles
395 creatures vanquished.

Grand Total: 6898 creatures vanquished

Notes
Turn   | Place    | Note
-------+----------+-------------------------------------------
     0 | D:1      | Hartz the Gargoyle Earth Elementalist began the quest for
                  | the Orb.
     0 | D:1      | Reached XP level 1. HP: 10/10 MP: 3/3
   210 | D:1      | Reached XP level 2. HP: 15/15 MP: 1/5
   522 | D:1      | Reached XP level 3. HP: 7/19 MP: 1/6
   959 | D:1      | Learned a level 3 spell: Stone Arrow
  1147 | D:2      | Reached skill level 1 in Conjurations
  1285 | D:2      | Found a faded altar of an unknown god,
  1548 | D:2      | Reached XP level 4. HP: 23/24 MP: 1/8
  2085 | D:2      | Noticed Natasha
  2087 | D:2      | Killed Natasha
  2155 | D:2      | Noticed Natasha
  2172 | D:2      | Killed Natasha
  2172 | D:2      | Reached skill level 5 in Earth Magic
  2172 | D:2      | Reached XP level 5. HP: 13/28 MP: 1/10
  2329 | D:2      | Noticed Natasha
  2582 | D:1      | Killed Natasha
  2886 | D:2      | Learned a level 5 spell: Lee's Rapid Deconstruction
  2903 | D:3      | Found a shimmering altar of Xom,
  2903 | D:3      | Noticed an angel
  2904 | D:3      | Found a glowing silver altar of Zin,
  3172 | D:3      | Noticed an ice beast
  3207 | D:3      | Killed an ice beast
  3207 | D:3      | Reached XP level 6. HP: 32/32 MP: 0/11
  3477 | D:3      | Found a hide-covered altar of Uskayaw,
  3478 | D:3      | Found a shimmering blue altar of Sif Muna,
  3480 | D:3      | Found a stormy altar of Qazlal,
  3482 | D:3      | Found a sparkling altar of Nemelex Xobeh,
  3642 | D:3      | Found a glowing golden altar of the Shining One,
  3651 | D:3      | Found a basalt altar of Yredelemnul,
  3667 | D:3      | Noticed an angel
  4263 | D:4      | Found Tiho's Book Shoppe,
  4335 | D:4      | Found a sand-covered staircase,
  4342 | Ossuary  | Entered an ossuary
  4960 | Ossuary  | Reached XP level 7. HP: 36/36 MP: 3/13
  5956 | D:5      | Entered Level 5 of the Dungeon
  6655 | D:5      | Found a white marble altar of Elyvilon,
  6707 | D:5      | Reached skill level 1 in Fighting
  6982 | D:5      | Reached skill level 1 in Maces & Flails
  6982 | D:5      | Reached skill level 1 in Armour
  6982 | D:5      | Reached XP level 8. HP: 43/43 MP: 7/15
  6986 | D:5      | Found a hazy altar of Hepliaklqana,
  7038 | D:5      | Reached skill level 5 in Spellcasting
  7343 | D:6      | Found a radiant altar of Vehumet,
  7372 | D:6      | Became a worshipper of Vehumet
  7411 | D:6      | Noticed iVAG's ghost (novice DrCj)
  7414 | D:6      | Found the +11 plutonium sword {*Contam Stlth-}
  7448 | D:6      | Found a runed translucent gate,
  7448 | D:6      | Found a runed translucent gate,
  7448 | D:6      | Found a runed translucent gate,
  7529 | D:6      | Found a sacrificial altar of Ru,
  7635 | D:6      | Identified the +9 dagger of Certain Death {holy, Str+2}
  7922 | D:6      | Reached skill level 5 in Conjurations
  7951 | D:6      | Found the +2 ratskin cloak {+Rats rPois rN+ Str-1 Int-1
                  | Dex+1}
  8027 | D:6      | Reached * piety under Vehumet
  8027 | D:6      | Offered knowledge of Magic Dart by Vehumet.
  8133 | D:6      | Found an iron altar of Okawaru,
  8433 | D:7      | Found a staircase to the Ecumenical Temple,
  8452 | Temple   | Entered the Ecumenical Temple
  8583 | D:7      | Noticed Harold
  8608 | D:7      | Killed Harold
  8608 | D:7      | Reached XP level 9. HP: 27/51 MP: 2/17
  9274 | D:8      | Reached XP level 10. HP: 55/58 MP: 1/19
  9644 | D:8      | Noticed a two-headed ogre
  9654 | D:8      | Killed a two-headed ogre
  9654 | D:8      | Reached skill level 5 in Armour
  9655 | D:8      | Reached skill level 5 in Fighting
  9815 | D:8      | Offered knowledge of Foxfire by Vehumet.
 10064 | D:8      | Reached ** piety under Vehumet
 10379 | D:9      | Found Adwoi's Antique Armour Boutique,
 10486 | D:9      | Reached skill level 1 in Evocations
 10600 | D:9      | Got an ancient leather armour
 10650 | D:9      | Reached skill level 5 in Maces & Flails
 10987 | D:10     | Entered Level 10 of the Dungeon
 11001 | D:10     | Found Kinkaymu's Distillery,
 11009 | D:10     | Bought a potion of heal wounds for 55 gold pieces
 11009 | D:10     | Bought a potion of ambrosia for 88 gold pieces
 11009 | D:10     | Bought a potion of haste for 110 gold pieces
 11009 | D:10     | Bought a potion of heal wounds for 55 gold pieces
 11009 | D:10     | Bought a potion of magic for 88 gold pieces
 11009 | D:10     | Bought a potion of curing for 33 gold pieces
 11038 | D:10     | Reached XP level 11. HP: 64/64 MP: 21/21
 11268 | D:10     | Offered knowledge of Mephitic Cloud by Vehumet.
 11273 | D:10     | Found a staircase to the Lair,
 11282 | D:10     | Learned a level 3 spell: Mephitic Cloud
 11288 | D:10     | Noticed a manticore
 11389 | D:10     | Killed a manticore
 11791 | D:10     | Reached *** piety under Vehumet
 12040 | D:10     | Found a sparkling altar of Nemelex Xobeh,
 12265 | D:10     | Learned a level 3 spell: Dazzling Flash
 12294 | D:11     | Noticed a manticore
 12313 | D:11     | Killed a manticore
 12534 | D:11     | Offered knowledge of Sticky Flame by Vehumet.
 12534 | D:11     | Reached skill level 5 in Dodging
 12939 | D:11     | Reached **** piety under Vehumet
 13101 | D:11     | Offered knowledge of Lightning Bolt by Vehumet.
 13325 | D:11     | Noticed a cyclops
 13328 | D:11     | Killed a cyclops
 13478 | D:11     | Found a staircase to the Orcish Mines,
 13966 | D:11     | Reached skill level 10 in Earth Magic
 14292 | D:12     | Noticed a two-headed ogre
 14295 | D:12     | Killed a two-headed ogre
 14320 | D:12     | Reached XP level 12. HP: 68/71 MP: 6/23
 14727 | D:12     | Found Leempyt's Distillery,
 14737 | D:12     | Bought a potion of heal wounds for 75 gold pieces
 14737 | D:12     | Bought a potion of ambrosia for 120 gold pieces
 14737 | D:12     | Bought 2 potions of berserk rage for 150 gold pieces
 14737 | D:12     | Bought a potion of curing for 45 gold pieces
 14737 | D:12     | Bought a potion of curing for 45 gold pieces
 14757 | D:12     | Gained mutation: You tend to lose your temper in combat.
                  | [potion of mutation]
 14757 | D:12     | Gained mutation: You expend magic power (3 MP) to
                  | strengthen your wands. [potion of mutation]
 14757 | D:12     | Gained mutation: You have sharp toenails. [potion of
                  | mutation]
 14757 | D:12     | Gained mutation: You are resistant to hostile enchantments.
                  | (MR+) [potion of mutation]
 15451 | D:12     | Identified the cursed +1 leather armour "Aludoum" {-Tele
                  | rPois MR+ Regen+} (You found it on level 9 of the Dungeon)
 15563 | D:12     | Noticed a fire dragon
 15661 | D:12     | Killed a fire dragon
 15881 | D:12     | Reached ***** piety under Vehumet
 16121 | D:13     | Found Doan's General Store,
 16133 | D:13     | Offered knowledge of Iskenderun's Mystic Blast by Vehumet.
 16143 | D:13     | Bought a scroll of identify for 30 gold pieces
 16268 | D:13     | Learned a level 6 spell: Iron Shot
 16274 | D:13     | Learned a level 5 spell: Bolt of Magma
 16286 | D:13     | Got a bound marble ring
 16288 | D:13     | Identified the ring "Ynac" {rC+ Str+5} (You found it on
                  | level 13 of the Dungeon)
 16459 | D:13     | Noticed a two-headed ogre
 16472 | D:13     | Killed a two-headed ogre
 16616 | D:13     | Found a portal to a secret trove of treasure,
 16682 | D:13     | Found a white marble altar of Elyvilon,
 16693 | D:13     | Noticed a two-headed ogre
 16694 | D:13     | Noticed a centaur warrior
 16711 | D:13     | Killed a two-headed ogre
 16723 | D:13     | Killed a centaur warrior
 16906 | D:13     | Noticed a two-headed ogre
 16906 | D:13     | Noticed a centaur warrior
 16925 | D:13     | Killed a two-headed ogre
 16925 | D:13     | Reached XP level 13. HP: 78/78 MP: 2/25
 17119 | D:13     | Noticed a rakshasa
 17135 | D:13     | Killed a rakshasa
 17135 | D:13     | Reached skill level 5 in Evocations
 17551 | D:13     | Found a gate to the Vaults,
 18777 | D:14     | Found an ornate altar of the Wu Jian Council,
 18815 | D:14     | Reached skill level 1 in Fire Magic
 20315 | Lair:1   | Entered Level 1 of the Lair of Beasts
 20366 | Lair:1   | Found a gate leading to a gauntlet,
 20375 | Gauntlet | Entered a Gauntlet
 20375 | Gauntlet | Found a transporter,
 20384 | Gauntlet | Found a transporter,
 20399 | Gauntlet | Found a transporter,
 20404 | Gauntlet | Found a transporter,
 20419 | Gauntlet | Found a transporter,
 20436 | Gauntlet | Noticed a green death
 20438 | Gauntlet | Found a transporter,
 20450 | Gauntlet | Found a transporter,
 20450 | Gauntlet | Noticed a blizzard demon
 20456 | Gauntlet | Found a transporter,
 20471 | Gauntlet | Found a transporter,
 20483 | Gauntlet | Found a transporter,
 20489 | Gauntlet | Found a transporter,
 20504 | Gauntlet | Found a transporter,
 20506 | Gauntlet | Noticed a balrug
 20521 | Gauntlet | Found a transporter,
 20539 | Gauntlet | Found a transporter,
 20541 | Gauntlet | Found a transporter,
 20566 | Gauntlet | Found a transporter,
 20570 | Gauntlet | Found a transporter,
 20592 | Gauntlet | Found a transporter,
 21072 | Gauntlet | Lost mutation: You expend magic power (3 MP) to strengthen
                  | your wands. [potion of mutation]
 21072 | Gauntlet | Lost mutation: You have sharp toenails. [potion of
                  | mutation]
 21072 | Gauntlet | Lost mutation: You tend to lose your temper in combat.
                  | [potion of mutation]
 21072 | Gauntlet | Gained mutation: Your magical capacity is low. (-10% MP)
                  | [potion of mutation]
 21072 | Gauntlet | Gained mutation: You have a pair of small antennae on your
                  | head. [potion of mutation]
 21110 | Gauntlet | Killed a blizzard demon
 21110 | Gauntlet | Reached skill level 10 in Conjurations
 21110 | Gauntlet | Gained mutation: Your large and strong wings let you fly
                  | indefinitely. [Gargoyle growth]
 21110 | Gauntlet | Reached XP level 14. HP: 76/84 MP: 14/24
 21179 | Gauntlet | Got a pair of encrusted gloves
 21190 | Gauntlet | Identified the +1 pair of gloves of the Dolphin {Dex+2}
                  | (You found it in a Gauntlet)
 21193 | Gauntlet | Got a faintly glowing dagger
 21194 | Gauntlet | Identified the +1 dagger of Jifego Jolo {distort, rC+} (You
                  | found it in a Gauntlet)
 21486 | Gauntlet | Got an amber-encrusted leather armour
 21487 | Gauntlet | Identified the cursed +0 leather armour of the Dice {rC+
                  | Slay+3} (You found it in a Gauntlet)
 21490 | Gauntlet | Cast into level 2 of the Abyss (a distortion unwield)
 21574 | Abyss:2  | Noticed a profane servitor
 21592 | Abyss:2  | Gained mutation: You are dopey. (Int -2) [a neqoxec]
 21817 | Abyss:2  | Noticed a tentacled starspawn
 21822 | Abyss:2  | Killed a tentacled starspawn
 22026 | Abyss:2  | Gained mutation: Armour fits poorly on your strangely
                  | shaped body. [a neqoxec]
 22040 | Abyss:2  | Offered knowledge of Hailstorm by Vehumet.
 22041 | Abyss:2  | Found a shimmering blue altar of Sif Muna,
 22160 | Abyss:2  | Noticed a tentacled monstrosity
 22161 | Abyss:2  | Reached skill level 5 in Fire Magic
 22163 | Gauntlet | Escaped the Abyss
 22444 | Lair:1   | Noticed Sonja
 22447 | Lair:1   | Killed Sonja
 22962 | Lair:1   | Identified a scroll of acquirement
 22962 | Lair:1   | Identified Yjer's Guide on the Snowflakes (You acquired it
                  | on level 1 of the Lair of Beasts)
 24466 | Lair:3   | Found a runed translucent door,
 24470 | Lair:3   | Noticed DasRunzen's ghost (journeyman OpAs)
 24606 | Lair:3   | Found a staircase to the Snake Pit,
 26201 | Lair:4   | Lost mutation: You are resistant to hostile enchantments.
                  | (MR+) [potion of mutation]
 26201 | Lair:4   | Lost mutation: Armour fits poorly on your strangely shaped
                  | body. [potion of mutation]
 26201 | Lair:4   | Gained mutation: You are agile. (Dex +2) [potion of
                  | mutation]
 26201 | Lair:4   | Gained mutation: Your spells are a little harder to cast,
                  | but a little more powerful. [potion of mutation]
 26201 | Lair:4   | Gained mutation: You possess an exceptional clarity of
                  | mind. [potion of mutation]
 26208 | Lair:4   | Found the cursed necklace of Bloodlust {*Rage +Rage MR++
                  | Int-3 Slay+6 *Curse}
 26237 | Lair:4   | Identified the +6 long sword of the Hierophant {venom,
                  | +Blink MR+ Dex+3} (You found it on level 4 of the Lair of
                  | Beasts)
 26299 | Lair:4   | Reached XP level 15. HP: 92/92 MP: 4/25
 26321 | Lair:4   | Found a staircase to the Swamp,
 26343 | Lair:4   | Offered knowledge of Conjure Ball Lightning by Vehumet.
 27332 | Lair:5   | Reached skill level 10 in Fighting
 27419 | Lair:5   | Found a staircase to the Slime Pits,
 28201 | Lair:6   | Entered Level 6 of the Lair of Beasts
 28618 | Lair:6   | Lost mutation: Your spells are a little harder to cast, but
                  | a little more powerful. [potion of mutation]
 28618 | Lair:6   | Lost mutation: Your magical capacity is low. (-10% MP)
                  | [potion of mutation]
 28618 | Lair:6   | Gained mutation: You are partially covered in icy blue
                  | scales. (AC +2) [potion of mutation]
 28618 | Lair:6   | Gained mutation: You are surrounded by a mild repulsion
                  | field. (EV +2) [potion of mutation]
 29009 | Lair:6   | Offered knowledge of Freezing Cloud by Vehumet.
 29134 | Lair:6   | Reached skill level 10 in Spellcasting
 30281 | Orc:1    | Entered Level 1 of the Orcish Mines
 30339 | Orc:1    | Found a bloodstained altar of Trog,
 30372 | Orc:1    | Found Imutzunoa's Antique Weapon Boutique,
 30733 | Orc:2    | Entered Level 2 of the Orcish Mines
 30979 | Orc:1    | Paralysed by an orc sorcerer for 3 turns
 31168 | Orc:1    | Reached ****** piety under Vehumet
 31581 | Orc:1    | Noticed Josephine
 31585 | Orc:1    | Killed Josephine
 31612 | Orc:1    | Offered knowledge of Starburst by Vehumet.
 31643 | Orc:1    | Learned a level 6 spell: Starburst
 31982 | Orc:2    | Paralysed by an orc sorcerer for 4 turns
 31990 | Orc:2    | Reached XP level 16. HP: 79/99 MP: 26/30
 32511 | Orc:2    | Reached skill level 10 in Maces & Flails
 33010 | Orc:2    | Found Routty's General Store,
 33011 | Orc:2    | Found Qujoehisk's Jewellery Boutique,
 33012 | Orc:2    | Found Dityfres's Antique Armour Boutique,
 33012 | Orc:2    | Found Vicrop's Antique Weapon Shop,
 33026 | Orc:2    | Bought a potion of might for 64 gold pieces
 33026 | Orc:2    | Bought a scroll of teleportation for 48 gold pieces
 33026 | Orc:2    | Bought a scroll of enchant weapon for 120 gold pieces
 33114 | Orc:2    | Found Axohehaq's Weapon Boutique,
 33127 | Orc:2    | Found a staircase to the Elven Halls,
 33376 | D:15     | Entered Level 15 of the Dungeon
 33376 | D:15     | Noticed Kirke
 33806 | D:14     | Noticed a sphinx
 33809 | D:14     | Killed Kirke
 34337 | D:15     | Offered knowledge of Ozocubu's Refrigeration by Vehumet.
 34501 | D:15     | Identified the +6 flail of Internal Strife {elec, +Rage
                  | rElec} (You found it on level 15 of the Dungeon)
 35329 | D:15     | Reached skill level 10 in Fire Magic
 35538 | D:15     | Found a staircase to the Depths,
 36239 | Snake:1  | Entered Level 1 of the Snake Pit
 36241 | Snake:1  | Found Sijoxess's Book Emporium,
 36388 | Snake:1  | Found a transporter,
 36419 | Snake:1  | Found a transporter,
 36737 | Snake:1  | Offered knowledge of Freezing Cloud by Vehumet.
 36759 | Snake:1  | Reached XP level 17. HP: 33/104 MP: 4/31
 37154 | Snake:1  | Identified Qothe's Catalogue of Feathers and Creation
 37501 | Snake:1  | Found a transporter,
 37502 | Snake:1  | Found a transporter,
 37504 | Snake:1  | Found a transporter,
 37697 | Snake:1  | Found Hissar's Gadget Shop,
 37715 | Snake:1  | Bought a wand of acid (5) for 234 gold pieces
 39399 | Snake:2  | Found Oqyf's Food Emporium,
 39421 | Snake:2  | Offered knowledge of Lehudib's Crystal Spear by Vehumet.
 39421 | Snake:2  | Offered knowledge of Fire Storm by Vehumet.
 39421 | Snake:2  | Offered knowledge of Chain Lightning by Vehumet.
 39967 | D:4      | Bought a book of Fire for 780 gold pieces
 40224 | Swamp:1  | Entered Level 1 of the Swamp
 40229 | Swamp:1  | Got a pitted pewter ring
 40230 | Swamp:1  | Identified the ring of Divine Compulsion {Fire Dex+5} (You
                  | found it on level 1 of the Swamp)
 42155 | Swamp:2  | Reached XP level 18. HP: 69/112 MP: 33/33
 43995 | Swamp:4  | Entered Level 4 of the Swamp
 44137 | Swamp:3  | Learned a level 8 spell: Ignition
 44475 | Swamp:4  | Reached skill level 15 in Fire Magic
 44493 | Swamp:4  | Got a decaying rune of Zot
 45573 | Snake:3  | Identified the cursed +0 cloak of the Other World {Str+4
                  | SInv} (You found it on level 3 of the Snake Pit)
 46432 | Snake:3  | Gained mutation: Your spells are a little easier to cast,
                  | but a little less powerful. [mutagenic glow]
 46724 | Snake:4  | Entered Level 4 of the Snake Pit
 47175 | Snake:4  | Reached XP level 19. HP: 109/116 MP: 20/34
 47791 | Snake:4  | Found an ornate altar of the Wu Jian Council,
 48386 | Snake:4  | Noticed Roxanne
 48391 | Snake:4  | Killed Roxanne
 50676 | Snake:4  | Got a serpentine rune of Zot
 51129 | Elf:1    | Entered Level 1 of the Elven Halls
 51450 | Elf:1    | Noticed an Ice Fiend
 51456 | Elf:1    | Noticed a Brimstone Fiend
 51663 | Elf:1    | Noticed a Tzitzimitl
 52488 | Elf:1    | Identified the Collected Works on Confrontation
 52622 | Elf:1    | Reached XP level 20. HP: 112/121 MP: 25/35
 52754 | Elf:1    | Found a corrupted altar of Lugonu,
 52765 | Elf:1    | Found a one-way gate to the infinite horrors of the Abyss,
 54062 | Elf:2    | Found a shimmering blue altar of Sif Muna,
 54649 | Elf:2    | Found a huge runed translucent gate,
 54649 | Elf:2    | Found a huge runed translucent gate,
 54649 | Elf:2    | Found a huge runed translucent gate,
 54651 | Elf:2    | Found a huge runed translucent gate,
 54652 | Elf:2    | Found a huge runed translucent gate,
 54717 | Elf:3    | Entered Level 3 of the Elven Halls
 54794 | Elf:3    | Found Ohutz's Weapon Boutique,
 55093 | Elf:3    | Reached skill level 10 in Dodging
 55149 | Elf:3    | Noticed Urug
 55156 | Elf:3    | Killed Urug
 55543 | Elf:3    | Found an ancient bone altar of Kikubaaqudgha,
 55625 | Elf:3    | Reached skill level 15 in Earth Magic
 55625 | Elf:3    | Reached XP level 21. HP: 112/128 MP: 36/36
 55645 | Elf:3    | Identified the ring "Podghal" {+Fly rPois Str+4}
 55650 | Elf:3    | Found the +4 Cigotuvi's embrace {rRot *Drain rN+}
 55653 | Elf:3    | Cast into level 2 of the Abyss (a deep elf sorcerer)
 56171 | Abyss:2  | Noticed a bone dragon
 56190 | Abyss:2  | Killed a bone dragon
 56392 | Elf:3    | Escaped the Abyss
 56674 | Elf:3    | Identified the cursed +3 falchion of Jyne {venom, +Inv +Fly
                  | rF++}
 57099 | Elf:3    | Identified the Collected Works on Beguiling and the Rocks
 57269 | Elf:3    | Found the +4 skin of Zhor {Englaciate rC+++ SInv}
 57294 | Elf:3    | Got a serpentine pewter ring
 57295 | Elf:3    | Identified the ring of Joy {Fire +Inv Int+2 Slay+3 Stlth-}
                  | (You found it on level 3 of the Elven Halls)
 57651 | Vaults:1 | Entered Level 1 of the Vaults
 59329 | Vaults:2 | Reached XP level 22. HP: 136/136 MP: 2/38
 60927 | Vaults:2 | Noticed Xtahua
 60934 | Vaults:2 | Killed Xtahua
 61344 | Vaults:2 | Found a runed translucent gate,
 61344 | Vaults:2 | Found a runed translucent gate,
 61345 | Vaults:2 | Found a runed translucent gate,
 61501 | Vaults:2 | Paralysed by a sphinx for 6 turns
 61961 | Vaults:2 | Noticed Rogoegg's ghost (adept MiMo)
 62136 | Vaults:2 | Killed Rogoegg's ghost
 62632 | Vaults:2 | Identified the +1 pair of boots "Nuahyurph" {Regen+} (You
                  | found it on level 2 of the Vaults)
 63392 | Vaults:3 | Noticed Nikola
 63407 | Vaults:3 | Killed Nikola
 63621 | Vaults:3 | Got a glittering iron ring
 63622 | Vaults:3 | Identified the cursed ring of the Last Curses {rF+ Str-5}
                  | (You found it on level 3 of the Vaults)
 63858 | Vaults:3 | Paralysed by a vampire knight for 7 turns
 63871 | Vaults:3 | Reached XP level 23. HP: 90/141 MP: 9/39
 64048 | Vaults:3 | Noticed Bai Suzhen
 64066 | Vaults:3 | Killed Bai Suzhen
 64335 | Vaults:3 | Found a staircase to the Crypt,
 64483 | Vaults:3 | Noticed Boris
 64494 | Vaults:3 | Killed Boris
 66985 | Vaults:4 | Learned a level 9 spell: Shatter
 67725 | Vaults:5 | Entered Level 5 of the Vaults
 67737 | Vaults:5 | Reached XP level 24. HP: 141/147 MP: 15/39
 67887 | Vaults:5 | Paralysed by a sphinx for 5 turns
 68499 | Vaults:5 | Identified the +7 dagger of Wyarao {pain, rN++ MR- Str+2
                  | Dex+4}
 68631 | Vaults:5 | Identified the +8 great mace of Deformation {protect, MR+
                  | Str+4}
 68881 | Vaults:5 | Reached skill level 15 in Conjurations
 68891 | Vaults:5 | Identified the ring "Gisijikk" {rPois MP+9 Dex+9}
 68917 | Vaults:5 | Identified the cursed +1 robe of the Voivode {*Slow +Inv
                  | rF++ rCorr}
 69239 | Vaults:5 | Got a silver rune of Zot
 69862 | Vaults:5 | Got a vibrating turquoise ring
 69863 | Vaults:5 | Identified the ring of Oreupa {rF+ rCorr Dex+4} (You found
                  | it on level 5 of the Vaults)
 70051 | Vaults:5 | Found the +3 Elemental Staff {rElec rF++ rC++ MR++ AC+5}
 70087 | Vaults:5 | Identified Sif Muna's Compendium of Self-Improvement
 70576 | Depths:1 | Entered Level 1 of the Depths
 70576 | Depths:1 | Found the cursed +13 scythe of Curses {drain, *Curse}
 70606 | Depths:1 | Reached XP level 25. HP: 113/154 MP: 10/40
 70610 | Depths:1 | Found a gateway to Hell,
 70614 | Depths:1 | Paralysed by a great orb of eyes for 5 turns
 70616 | Depths:1 | Found a transporter,
 70616 | Depths:1 | Found a transporter,
 70617 | Depths:1 | Noticed a juggernaut
 70643 | Depths:1 | Found a magical portal,
 71203 | WizLab   | Identified the ring "Ronnoarph" {+Inv MR+ Str+2 Int-3} (You
                  | found it in a wizard's laboratory)
 71346 | WizLab   | Lost mutation: You possess an exceptional clarity of mind.
                  | [potion of mutation]
 71346 | WizLab   | Lost mutation: You are dopey. (Int -2) [potion of mutation]
 71346 | WizLab   | Lost mutation: You are agile. (Dex +2) [potion of mutation]
 71346 | WizLab   | Gained mutation: You possess an exceptional clarity of
                  | mind. [potion of mutation]
 71346 | WizLab   | Lost mutation: You have a pair of small antennae on your
                  | head. [potion of mutation]
 71346 | WizLab   | Gained mutation: You are resistant to hostile enchantments.
                  | (MR+) [potion of mutation]
 71346 | WizLab   | Gained mutation: Your flesh is cold resistant. (rC+)
                  | [potion of mutation]
 71423 | WizLab   | Found a transporter,
 71487 | WizLab   | Reached skill level 15 in Fighting
 71736 | WizLab   | Found a transporter,
 72214 | WizLab   | Identified Aghuxiag's Sophisticated Witchery
 72219 | WizLab   | Identified the cursed +1 leather armour "Beabru" {rPois
                  | rN++} (You found it in a wizard's laboratory)
 72232 | WizLab   | Identified Lehudib's Reference Book on Warped Earth
 72737 | Depths:1 | Identified the +11 rapier of Ravage {vorpal, rPois Str+2
                  | Int+3 Stlth+}
 72742 | Depths:1 | Identified the cursed +3 rapier "Jelly's Nightmare" {drain,
                  | Int+7 Dex+4}
 72745 | Depths:1 | Found a bloodstained altar of Trog,
 72745 | Depths:1 | Identified the +2 lajatang of the Maze {chaos, Int+3}
 73102 | Depths:1 | Found a runed translucent door,
 73247 | Depths:1 | Found the +8 frozen axe "Frostbite" {freezing cloud, *Noise
                  | +Fly rC+}
 73257 | Depths:1 | Identified Oguski's Papyrus of the Snowflakes and Moulding
 73302 | Depths:1 | Got a transparent lead ring
 73303 | Depths:1 | Identified the ring of Riqo Quo {Int+9 SInv} (You found it
                  | on level 1 of the Depths)
 73323 | Depths:1 | Noticed Acwon's ghost (legendary TrMo)
 73506 | Crypt:1  | Entered Level 1 of the Crypt
 73554 | Crypt:1  | You are sucked into a shaft and drop 1 floor!
 73619 | Crypt:2  | Reached skill level 1 in Staves
 73650 | Crypt:2  | Paralysed by fainting for 8 turns
 73899 | Crypt:1  | Noticed Boris
 73903 | Crypt:1  | Killed Boris
 74025 | Crypt:1  | Reached XP level 26. HP: 137/162 MP: 21/41
 74276 | Crypt:1  | Noticed Margery
 74283 | Crypt:1  | Killed Margery
 74688 | Crypt:2  | Noticed Util's ghost (veteran MiBe)
 74790 | Crypt:2  | Killed Util's ghost
 74941 | Crypt:2  | Found a transporter,
 74959 | Crypt:2  | Identified the +8 morningstar "Grim Tooth" {distort, rF-
                  | Str+5}
 74963 | Crypt:2  | Found a transporter,
 74994 | Crypt:2  | Reached skill level 5 in Staves
 76018 | Snake:2  | Bought a ration for 70 gold pieces
 76018 | Snake:2  | Bought a ration for 70 gold pieces
 76018 | Snake:2  | Bought a ration for 70 gold pieces
 76018 | Snake:2  | Bought a ration for 70 gold pieces
 76018 | Snake:2  | Bought a ration for 70 gold pieces
 76018 | Snake:2  | Bought a ration for 70 gold pieces
 76018 | Snake:2  | Bought a ration for 70 gold pieces
 76018 | Snake:2  | Bought a ration for 70 gold pieces
 76018 | Snake:2  | Bought a ration for 70 gold pieces
 76018 | Snake:2  | Bought a ration for 70 gold pieces
 76018 | Snake:2  | Bought a ration for 70 gold pieces
 76133 | Snake:1  | Identified Sif Muna's Disquisition on the Lethal Entourage
                  | (You acquired it on level 1 of the Snake Pit)
 76133 | Snake:1  | Identified the amulet of Temptation {Reflect *Corrode +Fly
                  | rN+++ MR- SH+3} (You acquired it on level 1 of the Snake
                  | Pit)
 76368 | D:13     | Bought a ration for 75 gold pieces
 76368 | D:13     | Bought a ration for 75 gold pieces
 76723 | Crypt:3  | Entered Level 3 of the Crypt
 76884 | Crypt:3  | Lost mutation: You are resistant to hostile enchantments.
                  | (MR+) [potion of mutation]
 76884 | Crypt:3  | Lost mutation: You possess an exceptional clarity of mind.
                  | [potion of mutation]
 76884 | Crypt:3  | Gained mutation: Scrolls take you a little longer to read.
                  | [potion of mutation]
 76884 | Crypt:3  | Gained mutation: You have sharp fingernails. [potion of
                  | mutation]
 76884 | Crypt:3  | Gained mutation: You are resistant to hostile enchantments.
                  | (MR+) [potion of mutation]
 76885 | Crypt:3  | Lost mutation: Your flesh is cold resistant. (rC+) [potion
                  | of mutation]
 76885 | Crypt:3  | Lost mutation: You are partially covered in icy blue
                  | scales. (AC +2) [potion of mutation]
 76885 | Crypt:3  | Lost mutation: Scrolls take you a little longer to read.
                  | [potion of mutation]
 76885 | Crypt:3  | Gained mutation: You are dopey. (Int -2) [potion of
                  | mutation]
 76885 | Crypt:3  | Gained mutation: You have a pair of small horns on your
                  | head. [potion of mutation]
 77296 | Crypt:3  | Found a staircase to the Tomb,
 77457 | Crypt:3  | Noticed an ancient lich
 77462 | Crypt:3  | Killed an ancient lich
 77462 | Crypt:3  | Reached skill level 15 in Spellcasting
 77465 | Crypt:3  | Found a basalt altar of Yredelemnul,
 77666 | Crypt:3  | Reached XP level 27. HP: 170/170 MP: 42/42
 77846 | Crypt:3  | Learned a level 9 spell: Fire Storm
 78397 | Slime:1  | Entered Level 1 of the Pits of Slime
 79666 | Slime:5  | Entered Level 5 of the Pits of Slime
 79897 | Slime:5  | Lost mutation: You have sharp fingernails. [a shining eye]
 79929 | Slime:5  | Noticed the Royal Jelly
 80089 | Slime:5  | Killed the Royal Jelly
 80418 | Slime:5  | Found the +9 scales of the Dragon King {rPois rF+ rC+ MR+}
 80469 | Slime:5  | Got a crude steel ring
 80470 | Slime:5  | Identified the ring "Lirumun" {MR+ Str+3 Int+5 Dex+4} (You
                  | found it on level 5 of the Pits of Slime)
 80471 | Slime:5  | Identified the Papyrus of the Entrancing Compass
 80539 | Slime:5  | Identified the Volume of Creation and Unholy Magic
 80543 | Slime:5  | Got a slimy rune of Zot
 80756 | D:10     | Lost mutation: Your spells are a little easier to cast, but
                  | a little less powerful. [potion of mutation]
 80756 | D:10     | Lost mutation: You are dopey. (Int -2) [potion of mutation]
 80756 | D:10     | Lost mutation: You are surrounded by a mild repulsion
                  | field. (EV +2) [potion of mutation]
 80756 | D:10     | Gained mutation: You possess an exceptional clarity of
                  | mind. [potion of mutation]
 80756 | D:10     | Gained mutation: You are robust. (+10% HP) [potion of
                  | mutation]
 80756 | D:10     | Gained mutation: You are very robust. (+20% HP) [potion of
                  | mutation]
 81629 | Depths:2 | Found a gateway to a ziggurat,
 81739 | Depths:2 | You are sucked into a shaft and drop 1 floor!
 81743 | Depths:3 | Paralysed by a floating eye for 2 turns
 81863 | Depths:3 | Noticed Boris
 81869 | Depths:3 | Killed Boris
 82216 | Depths:3 | Reached skill level 15 in Dodging
 82216 | Depths:3 | Found a one-way gate leading to the halls of Pandemonium,
 83293 | D:15     | Upgraded the game from 0.25-a0-681-gdf4e720381 to
                  | 0.25-a0-696-g42a9e46d90
 83901 | Depths:4 | Noticed Mara
 83909 | Depths:4 | Killed Mara
 84716 | Depths:4 | Found a transporter,
 84727 | Depths:4 | Found a corrupted altar of Lugonu,
 84910 | Depths:4 | Found a transporter,
 84985 | Depths:4 | Got a vibrating lead ring
 84986 | Depths:4 | Identified the ring "Vepitrug" {rF- rN+ Int+5 SInv Stlth+}
                  | (You found it on level 4 of the Depths)
 85078 | Depths:5 | Entered Level 5 of the Depths
 86251 | Depths:5 | Found Hymopot's Jewellery Boutique,
 86251 | Depths:5 | Found Poijea's Gadget Shoppe,
 86252 | Depths:5 | Found Dedghury's Gadget Shoppe,
 86260 | Depths:5 | Bought a wand of acid (9) for 338 gold pieces
 86260 | Depths:5 | Bought a wand of acid (9) for 338 gold pieces
 86265 | Depths:5 | Bought a wand of acid (6) for 340 gold pieces
 86653 | Depths:5 | Found a gate to the Realm of Zot,
 86879 | Zig:1    | Entered Level 1 of a ziggurat
 86896 | Zig:2    | Entered Level 2 of a ziggurat
 86965 | Zig:3    | Entered Level 3 of a ziggurat
 87034 | Zig:4    | Entered Level 4 of a ziggurat
 87154 | Zig:5    | Entered Level 5 of a ziggurat
 87244 | Zig:6    | Entered Level 6 of a ziggurat
 87339 | Zig:7    | Entered Level 7 of a ziggurat
 87366 | Zig:7    | Got an ancient turquoise ring
 87367 | Zig:7    | Identified the ring "Pehixt" {Ice Str+4 Int+3 Dex-5} (You
                  | found it on level 7 of a ziggurat)
 87477 | Zig:8    | Entered Level 8 of a ziggurat
 87616 | Zig:8    | Got a pitted bone ring
 87617 | Zig:8    | Identified the ring of Qorus {MP+9 Dex+4} (You found it on
                  | level 8 of a ziggurat)
 87635 | Zig:9    | Entered Level 9 of a ziggurat
 87682 | Zig:10   | Entered Level 10 of a ziggurat
 87718 | Zig:10   | Got a sparkling lapis lazuli ring
 87719 | Zig:10   | Identified the ring "Etze" {Ice +Fly Stlth+} (You found it
                  | on level 10 of a ziggurat)
 87827 | Zig:11   | Entered Level 11 of a ziggurat
 87927 | Zig:12   | Entered Level 12 of a ziggurat
 88015 | Zig:12   | Got a vibrating granite ring
 88016 | Zig:12   | Identified the ring "Ruodelyj" {*Slow MP+9 Int+7 Dex+3}
                  | (You found it on level 12 of a ziggurat)
 88020 | Zig:13   | Entered Level 13 of a ziggurat
 88162 | Zig:13   | Got a fine emerald amulet
 88163 | Zig:13   | Identified the amulet of Departure {Regen+ Dex+2 Stlth+}
                  | (You found it on level 13 of a ziggurat)
 88180 | Zig:14   | Entered Level 14 of a ziggurat
 88227 | Zig:14   | Got a warped zirconium amulet
 88228 | Zig:14   | Identified the amulet of the Skies Above {Reflect +Inv
                  | Int+2 SH+6} (You found it on level 14 of a ziggurat)
 88231 | Zig:14   | Got a smoking marble ring
 88232 | Zig:14   | Identified the ring "Pucesham" {MR- Int+6 Dex+4} (You found
                  | it on level 14 of a ziggurat)
 88273 | Zig:15   | Entered Level 15 of a ziggurat
 88284 | Zig:15   | Noticed Vylooph the pandemonium lord
 88285 | Zig:15   | Noticed Inoagacu the pandemonium lord
 88288 | Zig:15   | Killed Vylooph the pandemonium lord
 88288 | Zig:15   | Noticed Ovetuhui the pandemonium lord
 88289 | Zig:15   | Killed Inoagacu the pandemonium lord
 88289 | Zig:15   | Noticed Erchasan the pandemonium lord
 88292 | Zig:15   | Killed Erchasan the pandemonium lord
 88295 | Zig:15   | Killed Ovetuhui the pandemonium lord
 88415 | Zig:16   | Entered Level 16 of a ziggurat
 88440 | Zig:16   | Found the +7 Singing Sword {vorpal, sonic wave}
 88464 | Zig:17   | Entered Level 17 of a ziggurat
 88499 | Zig:17   | Got a fine diamond amulet
 88500 | Zig:17   | Identified the amulet "Vuij" {Inacc rC+++ Int-3 Dex+4
                  | Stlth-} (You found it on level 17 of a ziggurat)
 88525 | Zig:17   | Got a sparkling brass ring
 88526 | Zig:17   | Identified the ring "Ruvucoic" {Str+4 Int-4 Dex+2} (You
                  | found it on level 17 of a ziggurat)
 88529 | Zig:17   | Got a vibrating bone ring
 88530 | Zig:17   | Identified the ring "Poettuy" {rN+ Dex+4} (You found it on
                  | level 17 of a ziggurat)
 88534 | Zig:17   | Identified Xunyisch's Collected Works on Igneous Execration
 88540 | Zig:18   | Entered Level 18 of a ziggurat
 88565 | Zig:18   | Found the +0 sword of Power
 88566 | Zig:18   | Found the ring of Phasing {EV+8}
 88567 | Zig:18   | Found the +0 staff of Battle
 88567 | Zig:18   | Found the amulet of the Air {Inacc +Fly rElec EV+5 RMsl}
 88649 | Zig:18   | Learned a level 8 spell: Necromutation
 88659 | Zig:19   | Entered Level 19 of a ziggurat
 88668 | Zig:19   | Reached skill level 1 in Transmutations
 88672 | Zig:19   | Reached skill level 1 in Necromancy
 88717 | Zig:19   | Identified Atostrome's Almanac of Orientation
 88741 | Zig:20   | Entered Level 20 of a ziggurat
 88764 | Zig:20   | Reached skill level 5 in Transmutations
 88765 | Zig:20   | Reached skill level 5 in Necromancy
 88775 | Zig:20   | Found the +8 lance "Wyrmbane" {slay drac, rPois rF+ rC+
                  | AC+3}
 88809 | Zig:20   | Found the +3 robe of Clouds {+Thunder rCloud rElec}
 88810 | Zig:20   | Identified the Guide on Mutagenic Enhancements
 88854 | Zig:21   | Entered Level 21 of a ziggurat
 88924 | Zig:21   | Got a vibrating steel ring
 88925 | Zig:21   | Identified the ring of Negaorru {MR+ Int+7} (You found it
                  | on level 21 of a ziggurat)
 88963 | Zig:22   | Entered Level 22 of a ziggurat
 88975 | Zig:22   | Noticed Zuwaloi the pandemonium lord
 88976 | Zig:22   | Noticed Woth the pandemonium lord
 88976 | Zig:22   | Noticed Zeps the pandemonium lord
 88978 | Zig:22   | Noticed Uhafusau the pandemonium lord
 88978 | Zig:22   | Noticed Jeopsukh the pandemonium lord
 88978 | Zig:22   | Noticed Ykle the pandemonium lord
 88978 | Zig:22   | Noticed Goub Urgh the pandemonium lord
 88978 | Zig:22   | Noticed Xaobetiff the pandemonium lord
 88978 | Zig:22   | Noticed Owureygh the pandemonium lord
 88978 | Zig:22   | Noticed Ocucon the pandemonium lord
 88978 | Zig:22   | Noticed Ischoesoo the pandemonium lord
 88978 | Zig:22   | Noticed Fanoap the pandemonium lord
 88980 | Zig:22   | Killed Xaobetiff the pandemonium lord
 88980 | Zig:22   | Killed Owureygh the pandemonium lord
 88981 | Zig:22   | Noticed Yptasod the pandemonium lord
 88982 | Zig:22   | Killed Woth the pandemonium lord
 88982 | Zig:22   | Killed Zuwaloi the pandemonium lord
 88983 | Zig:22   | Killed Zeps the pandemonium lord
 88983 | Zig:22   | Killed Jeopsukh the pandemonium lord
 89002 | Zig:22   | Noticed Simymapt the pandemonium lord
 89008 | Zig:22   | Killed Simymapt the pandemonium lord
 89010 | Zig:22   | Killed Ocucon the pandemonium lord
 89018 | Zig:22   | Killed Ykle the pandemonium lord
 89025 | Zig:22   | Killed Fanoap the pandemonium lord
 89025 | Zig:22   | Killed Uhafusau the pandemonium lord
 89029 | Zig:22   | Killed Yptasod the pandemonium lord
 89029 | Zig:22   | Killed Ischoesoo the pandemonium lord
 89032 | Zig:22   | Killed Goub Urgh the pandemonium lord
 89208 | Zig:23   | Entered Level 23 of a ziggurat
 89221 | Zig:23   | Noticed an ancient lich
 89225 | Zig:23   | Killed an ancient lich
 89226 | Zig:23   | Reached skill level 10 in Transmutations
 89393 | Zig:23   | Identified the Handbook of Conjuration
 89401 | Zig:23   | Identified the Catalogue of Supportive Weightlessness
 89413 | Zig:23   | Reached skill level 10 in Necromancy
 89457 | Zig:24   | Entered Level 24 of a ziggurat
 89552 | Zig:24   | Got a wavering crystal amulet
 89553 | Zig:24   | Identified the amulet "Seitowk" {+Rage Str+2} (You found it
                  | on level 24 of a ziggurat)
 89572 | Zig:24   | Identified the Handbook of Vitriolic Curses
 89591 | Zig:24   | Got a slimy wooden ring
 89592 | Zig:24   | Identified the ring "Timiesec" {rElec rPois} (You found it
                  | on level 24 of a ziggurat)
 89773 | Zig:25   | Entered Level 25 of a ziggurat
 89795 | Zig:25   | Reached skill level 27 in Fighting
 89814 | Zig:25   | Found the amulet of Vitality {Regen+ HP+15}
 89853 | Zig:25   | Identified the Grimoire of Envenoming and Unholy Rituals
 89859 | Zig:25   | Identified A Thorough Guide to Spellweaving
 89865 | Zig:25   | Got a steaming silver ring
 89866 | Zig:25   | Identified the ring of the Establishment {Wiz rPois} (You
                  | found it on level 25 of a ziggurat)
 89960 | Zig:26   | Entered Level 26 of a ziggurat
 89993 | Zig:26   | Found the +3 giant club "Skullcrusher" {speed, Str+7}
 90080 | Zig:27   | Entered Level 27 of a ziggurat
 90089 | Zig:27   | Noticed a juggernaut
 90094 | Zig:27   | Noticed a juggernaut
 90095 | Zig:27   | Noticed a juggernaut
 90097 | Zig:27   | Killed a juggernaut
 90098 | Zig:27   | Noticed a juggernaut
 90098 | Zig:27   | Noticed a juggernaut
 90099 | Zig:27   | Killed a juggernaut
 90100 | Zig:27   | Killed a juggernaut
 90100 | Zig:27   | Killed a juggernaut
 90100 | Zig:27   | Noticed a juggernaut
 90102 | Zig:27   | Noticed a juggernaut
 90103 | Zig:27   | Killed a juggernaut
 90103 | Zig:27   | Killed a juggernaut
 90104 | Zig:27   | Noticed a juggernaut
 90105 | Zig:27   | Killed a juggernaut
 90106 | Zig:27   | Noticed a juggernaut
 90107 | Zig:27   | Noticed a juggernaut
 90107 | Zig:27   | Noticed a juggernaut
 90109 | Zig:27   | Killed a juggernaut
 90110 | Zig:27   | Killed a juggernaut
 90110 | Zig:27   | Reached skill level 15 in Necromancy
 90110 | Zig:27   | Killed a juggernaut
 90111 | Zig:27   | Killed a juggernaut
 90139 | Zig:27   | Got a steaming sapphire amulet
 90140 | Zig:27   | Identified the amulet "Loveumum" {Fragile +Blink +Rage
                  | Slay+3} (You found it on level 27 of a ziggurat)
 90324 | Zig:1    | Entered Level 1 of a ziggurat
 90352 | Zig:1    | Learned a level 9 spell: Absolute Zero
 90353 | Zig:2    | Entered Level 2 of a ziggurat
 90356 | Zig:2    | Noticed an ancient lich
 90357 | Zig:2    | Reached skill level 1 in Polearms
 90358 | Zig:2    | Killed an ancient lich
 90358 | Zig:2    | Reached skill level 1 in Ice Magic
 90379 | Zig:3    | Entered Level 3 of a ziggurat
 90382 | Zig:3    | Noticed Waraosk the pandemonium lord
 90384 | Zig:3    | Killed Waraosk the pandemonium lord
 90412 | Zig:4    | Entered Level 4 of a ziggurat
 90421 | Zig:4    | Found the +3 warlock's mirror {reflect}
 90492 | Zig:5    | Entered Level 5 of a ziggurat
 90549 | Zig:6    | Entered Level 6 of a ziggurat
 90598 | Zig:7    | Entered Level 7 of a ziggurat
 90678 | Zig:8    | Entered Level 8 of a ziggurat
 90684 | Zig:8    | Reached skill level 5 in Ice Magic
 90685 | Zig:8    | Reached skill level 5 in Polearms
 90731 | Zig:8    | Learned a level 8 spell: Death's Door
 90733 | Zig:8    | Identified the Volume of Supportive Displacement
 90738 | Zig:9    | Entered Level 9 of a ziggurat
 90746 | Zig:9    | Reached skill level 1 in Charms
 90769 | Zig:9    | Found the +3 robe of Folly {Archmagi, MR-- Int+5}
 90786 | Zig:9    | Got a glittering steel ring
 90787 | Zig:9    | Identified the ring of Ughiz {rF++ MR+ Stlth-} (You found
                  | it on level 9 of a ziggurat)
 90808 | Zig:10   | Entered Level 10 of a ziggurat
 90957 | Zig:11   | Entered Level 11 of a ziggurat
 90984 | Zig:11   | Identified the +1 pair of boots "Keeho" {rF+ SInv Stlth+}
                  | (You found it on level 11 of a ziggurat)
 91009 | Zig:11   | Got a coiled copper amulet
 91010 | Zig:11   | Identified the amulet "Giach" {RegenMP rF+ Int+6} (You
                  | found it on level 11 of a ziggurat)
 91043 | Zig:12   | Entered Level 12 of a ziggurat
 91122 | Zig:12   | Reached skill level 27 in Spellcasting
 91122 | Zig:12   | Reached skill level 5 in Charms
 91143 | Zig:13   | Entered Level 13 of a ziggurat
 91162 | Zig:13   | Found the +0 mask of the Dragon {MR+ Slay+3 SInv}
 91173 | Zig:13   | Identified the +2 helmet of the Game of Kings {rF+ rC+
                  | Stlth+} (You found it on level 13 of a ziggurat)
 91180 | Zig:13   | Got a pitted lead amulet
 91181 | Zig:13   | Identified the amulet "Xoguihay" {+Rage Str+3 Dex+3} (You
                  | found it on level 13 of a ziggurat)
 91210 | Zig:14   | Entered Level 14 of a ziggurat
 91239 | Zig:14   | Reached skill level 10 in Ice Magic
 91272 | Zig:14   | Identified the Disquisition on Hexes and Cold
 91277 | Zig:14   | Got a slimy lead ring
 91278 | Zig:14   | Identified the ring "Fanipp" {rF++ rC+ Str+2} (You found it
                  | on level 14 of a ziggurat)
 91298 | Zig:15   | Entered Level 15 of a ziggurat
 91308 | Zig:15   | Reached skill level 10 in Polearms
 91310 | Zig:15   | Noticed Xixta the pandemonium lord
 91315 | Zig:15   | Killed Xixta the pandemonium lord
 91616 | Zig:15   | Identified the Almanac of the Well-Known Seas
 91619 | Zig:16   | Entered Level 16 of a ziggurat
 91625 | Zig:16   | Noticed Afeyja the pandemonium lord
 91625 | Zig:16   | Noticed Tusep the pandemonium lord
 91626 | Zig:16   | Noticed Mirchyno the pandemonium lord
 91628 | Zig:16   | Noticed Nopeom the pandemonium lord
 91629 | Zig:16   | Noticed Tashoyd the pandemonium lord
 91630 | Zig:16   | Killed Tusep the pandemonium lord
 91630 | Zig:16   | Noticed Cesikeps the pandemonium lord
 91631 | Zig:16   | Noticed Imeonu the pandemonium lord
 91631 | Zig:16   | Killed Afeyja the pandemonium lord
 91632 | Zig:16   | Killed Nopeom the pandemonium lord
 91632 | Zig:16   | Noticed Kushohoena the pandemonium lord
 91632 | Zig:16   | Noticed Sunif the pandemonium lord
 91633 | Zig:16   | Killed Mirchyno the pandemonium lord
 91634 | Zig:16   | Killed Imeonu the pandemonium lord
 91634 | Zig:16   | Reached skill level 15 in Ice Magic
 91635 | Zig:16   | Noticed Toahuof the pandemonium lord
 91637 | Zig:16   | Killed Tashoyd the pandemonium lord
 91637 | Zig:16   | Killed Sunif the pandemonium lord
 91637 | Zig:16   | Killed Cesikeps the pandemonium lord
 91637 | Zig:16   | Noticed Vinawk the pandemonium lord
 91639 | Zig:16   | Killed Vinawk the pandemonium lord
 91641 | Zig:16   | Killed Toahuof the pandemonium lord
 91642 | Zig:16   | Killed Kushohoena the pandemonium lord
 91685 | Zig:16   | Identified the Handbook of Feathery Transformation
 91688 | Zig:16   | Got a serpentine bone ring
 91689 | Zig:16   | Identified the ring "Ide Vash" {rElec rCorr Str+8 Int-5
                  | Stlth+} (You found it on level 16 of a ziggurat)
 91695 | Zig:17   | Entered Level 17 of a ziggurat
 91738 | Zig:17   | Got a faintly glowing copper amulet
 91739 | Zig:17   | Identified the amulet "Acarghut" {Harm *Drain +Blink MR-
                  | Slay-3 Stlth+} (You found it on level 17 of a ziggurat)
 91745 | Zig:17   | Identified the +0 robe of Shadows and Fog {MR+ Regen+} (You
                  | found it on level 17 of a ziggurat)
 91865 | Zig:18   | Entered Level 18 of a ziggurat
 91871 | Zig:18   | Noticed Utty the pandemonium lord
 91872 | Zig:18   | Noticed Utuph the pandemonium lord
 91872 | Zig:18   | Noticed Sesilihe the pandemonium lord
 91872 | Zig:18   | Noticed Ugep the pandemonium lord
 91872 | Zig:18   | Noticed Rorimiaw the pandemonium lord
 91872 | Zig:18   | Noticed Nud Foax the pandemonium lord
 91872 | Zig:18   | Noticed a juggernaut
 91872 | Zig:18   | Noticed Beiciu the pandemonium lord
 91873 | Zig:18   | Found the ring of Robustness {AC+8}
 91873 | Zig:18   | Noticed Ylaockul the pandemonium lord
 91874 | Zig:18   | Noticed Duzinirph the pandemonium lord
 91874 | Zig:18   | Killed Ugep the pandemonium lord
 91874 | Zig:18   | Noticed Feinusoj the pandemonium lord
 91874 | Zig:18   | Noticed Vapixtof the pandemonium lord
 91874 | Zig:18   | Noticed Lyqyxt the pandemonium lord
 91875 | Zig:18   | Killed a juggernaut
 91875 | Zig:18   | Killed Ylaockul the pandemonium lord
 91877 | Zig:18   | Killed Utuph the pandemonium lord
 91877 | Zig:18   | Killed Nud Foax the pandemonium lord
 91877 | Zig:18   | Killed Rorimiaw the pandemonium lord
 91877 | Zig:18   | Killed Duzinirph the pandemonium lord
 91877 | Zig:18   | Killed Beiciu the pandemonium lord
 91879 | Zig:18   | Killed Feinusoj the pandemonium lord
 91879 | Zig:18   | Reached skill level 10 in Charms
 91880 | Zig:18   | Killed Sesilihe the pandemonium lord
 91880 | Zig:18   | Killed Vapixtof the pandemonium lord
 91881 | Zig:18   | Killed Utty the pandemonium lord
 91883 | Zig:18   | Killed Lyqyxt the pandemonium lord
 91942 | Zig:18   | Got a scorched ivory ring
 91943 | Zig:18   | Identified the ring of Fanwim {Ice +Fly Dex+2} (You found
                  | it on level 18 of a ziggurat)
 91959 | Zig:18   | Got a wavering bone ring
 91960 | Zig:18   | Identified the ring of Seqodd {MR+ Dex+2} (You found it on
                  | level 18 of a ziggurat)
 91974 | Zig:19   | Entered Level 19 of a ziggurat
 91983 | Zig:19   | Noticed an ancient lich
 91985 | Zig:19   | Killed an ancient lich
 91986 | Zig:19   | Noticed an ancient lich
 91991 | Zig:19   | Killed an ancient lich
 91992 | Zig:19   | Noticed an ancient lich
 91994 | Zig:19   | Killed an ancient lich
 92076 | Zig:19   | Learned a level 9 spell: Tornado
 92079 | Zig:20   | Entered Level 20 of a ziggurat
 92089 | Zig:20   | Noticed a juggernaut
 92089 | Zig:20   | Reached skill level 1 in Air Magic
 92091 | Zig:20   | Killed a juggernaut
 92094 | Zig:20   | Reached skill level 5 in Air Magic
 92127 | Zig:20   | Identified Cigotuvi's Tome of Shifting Stolen Souls
 92141 | Zig:20   | Identified the +4 demon trident "Ytiettog" {flame, MR+
                  | SInv} (You acquired it on level 20 of a ziggurat)
 92175 | Zig:20   | Learned a level 8 spell: Controlled Blink
 92177 | Zig:21   | Entered Level 21 of a ziggurat
 92200 | Zig:21   | Reached skill level 10 in Air Magic
 92230 | Zig:21   | Identified the Volume of Mezcal
 92250 | Zig:22   | Entered Level 22 of a ziggurat
 92298 | Zig:22   | Identified the +1 helmet "Osashy" {rC+ MR++ SInv} (You
                  | found it on level 22 of a ziggurat)
 92338 | Zig:23   | Entered Level 23 of a ziggurat
 92365 | Zig:23   | Reached skill level 15 in Air Magic
 92425 | Zig:23   | Found the +5 demon whip "Spellbinder" {antimagic, MR+}
 92425 | Zig:23   | Found the +10 dark maul {vorpal}
 92427 | Zig:23   | Found the +5 robe of Night {Dark MR+ SInv}
 92453 | Zig:24   | Entered Level 24 of a ziggurat
 92470 | Zig:24   | Reached skill level 5 in Translocations
 92592 | Zig:24   | Identified the Collected Works on Evil Fire
 92600 | Zig:24   | Identified the ring "Ureilop" {rElec rN+ Int+4} (You found
                  | it on level 24 of a ziggurat)
 92657 | Zig:25   | Entered Level 25 of a ziggurat
 92671 | Zig:25   | Noticed an ancient lich
 92674 | Zig:25   | Killed an ancient lich
 92676 | Zig:25   | Reached skill level 10 in Translocations
 92689 | Zig:25   | Gained mutation: You occasionally shout uncontrollably at
                  | your foes. [a neqoxec]
 92690 | Zig:25   | Gained mutation: Potions are less effective at restoring
                  | your health. [a neqoxec]
 92698 | Zig:25   | Found the +8 storm bow {elec, penet}
 92700 | Zig:25   | Lost mutation: You are very robust. (+20% HP) [potion of
                  | mutation]
 92700 | Zig:25   | Lost mutation: You have a pair of small horns on your head.
                  | [potion of mutation]
 92700 | Zig:25   | Gained mutation: You are covered in fur. (AC +1) [potion of
                  | mutation]
 92701 | Zig:25   | Lost mutation: You possess an exceptional clarity of mind.
                  | [potion of mutation]
 92701 | Zig:25   | Lost mutation: You are robust. (+10% HP) [potion of
                  | mutation]
 92701 | Zig:25   | Gained mutation: Armour fits poorly on your strangely
                  | shaped body. [potion of mutation]
 92701 | Zig:25   | Gained mutation: Your spells are a little easier to cast,
                  | but a little less powerful. [potion of mutation]
 92701 | Zig:25   | Gained mutation: You are partially covered in thin metallic
                  | scales. (AC +2) [potion of mutation]
 92702 | Zig:25   | Lost mutation: Potions are less effective at restoring your
                  | health. [potion of mutation]
 92702 | Zig:25   | Lost mutation: Your spells are a little easier to cast, but
                  | a little less powerful. [potion of mutation]
 92702 | Zig:25   | Gained mutation: You are partially covered in slimy green
                  | scales. (AC +2) [potion of mutation]
 92706 | Zig:25   | Found the ring of Shadows {Umbra +Inv Stlth+}
 92738 | Zig:25   | Got a transparent bronze ring
 92741 | Zig:25   | Identified the ring of Lugonu's Whim {*Drain +Fly rElec
                  | Str+3 Dex+3} (You found it on level 25 of a ziggurat)
 92744 | Zig:26   | Entered Level 26 of a ziggurat
 92788 | Zig:26   | Found the ring of the Octopus King
 92790 | Zig:26   | Found the +18 shield of the Gong {rElec rN+ MR+ EV-5}
 92795 | Zig:26   | Got a bound glass ring
 92796 | Zig:26   | Identified the ring "Gurejat" {Int+4 Dex+4} (You found it
                  | on level 26 of a ziggurat)
 92803 | Zig:26   | Got a ring of the Octopus King
 92812 | Zig:26   | Identified the Collected Works on Bewitching Unholy Magic
 92824 | Zig:26   | Got a scorched pewter ring
 92825 | Zig:26   | Identified the ring "Wany" {rElec rPois MR- MP+9 Dex+4}
                  | (You found it on level 26 of a ziggurat)
 92829 | Zig:26   | Identified the Volume of the Icy Mountains
 92833 | Zig:27   | Entered Level 27 of a ziggurat
 92842 | Zig:27   | Noticed an ancient lich
 92844 | Zig:27   | Killed an ancient lich
 92846 | Zig:27   | Noticed an ancient lich
 92847 | Zig:27   | Gained mutation: Your magical capacity is low. (-10% MP) [a
                  | cacodemon]
 92851 | Zig:27   | Killed an ancient lich
 92861 | Zig:27   | Reached skill level 15 in Translocations
 92924 | Zig:27   | Identified the Incunabulum of Transformation
 93078 | Zot:1    | Entered Level 1 of the Realm of Zot
 94112 | Zot:2    | You are sucked into a shaft and drop 1 floor!
 96202 | Zot:5    | Entered Level 5 of the Realm of Zot
 96413 | Zot:5    | Noticed an ancient lich
 96413 | Zot:5    | Noticed an ancient lich
 96414 | Zot:5    | Noticed an orb of fire
 96415 | Zot:5    | Killed an ancient lich
 96415 | Zot:5    | Noticed an ancient lich
 96416 | Zot:5    | Killed an ancient lich
 96419 | Zot:5    | Killed an orb of fire
 96423 | Zot:5    | Killed an ancient lich
 96519 | Zot:5    | Noticed an orb of fire
 96521 | Zot:5    | Noticed an ancient lich
 96524 | Zot:5    | Killed an orb of fire
 96527 | Zot:5    | Noticed an ancient lich
 96531 | Zot:5    | Noticed an ancient lich
 96532 | Zot:5    | Killed an ancient lich
 96535 | Zot:5    | Killed an ancient lich
 96535 | Zot:5    | Killed an ancient lich
 97442 | Zot:5    | Learned a level 8 spell: Lehudib's Crystal Spear
 97444 | Zot:5    | Learned a level 1 spell: Apportation
 97447 | Zot:5    | Learned a level 2 spell: Blink
 97700 | Depths:2 | Voluntarily entered the Abyss.
 98295 | Abyss:2  | Found a shadowy altar of Dithmenos,
 98298 | Abyss:2  | Found a snail-covered altar of Cheibriados,
 98311 | Abyss:3  | Found a corrupted altar of Lugonu,
 98317 | Abyss:3  | Got an abyssal rune of Zot
 98442 | Abyss:3  | Found a hazy altar of Hepliaklqana,
 98451 | Abyss:3  | Noticed an ancient lich
 98459 | Abyss:3  | Killed an ancient lich
 98471 | Depths:2 | Escaped the Abyss
 98571 | D:13     | You showed the abyssal rune of Zot to enter a treasure
                  | trove
 98572 | Trove    | Entered a treasure trove
 98593 | Trove    | Got a fine pewter amulet
 98594 | Trove    | Identified the amulet of Muesakimn {Reflect rC+ MP-9 Dex+6
                  | SH+4} (You found it in a treasure trove)
 98606 | Trove    | Got a bound wooden ring
 98607 | Trove    | Identified the ring "Neopnuc" {*Drain +Fly rPois Dex+5}
                  | (You found it in a treasure trove)
 98739 | Pan      | Entered Pandemonium
 99052 | Pan      | Identified Sif Muna's Disquisition on the Compass and Aid
 99138 | Pan      | Identified the +9 glaive of Icrin {vorpal, +Fly MP+9}
 99138 | Pan      | Identified the cursed +0 robe of Mul Atiu {rElec rC+++
                  | Int-4 Dex-2}
 99138 | Pan      | Identified the ring "Geoj Getu" {rC+ EV+3}
 99291 | Pan      | Identified the cursed +2 quarterstaff of Beyond {antimagic,
                  | rElec rF+ Int-5 SInv}
 99359 | Pan      | Identified the +6 sword of Cerebov {flame}
 99359 | Pan      | Identified the ring "Annas" {rC+ Str+4 Stlth-}
 99359 | Pan      | Noticed Cerebov
 99365 | Pan      | Killed Cerebov
 99375 | Pan      | Got a fiery rune of Zot
100136 | Pan      | Found a huge runed translucent gate,
100139 | Pan      | Found a huge runed translucent gate,
100140 | Pan      | Found a huge runed translucent gate,
100140 | Pan      | Found a huge runed translucent gate,
100140 | Pan      | Found a huge runed translucent gate,
100140 | Pan      | Found a huge runed translucent gate,
100142 | Pan      | Found a huge runed translucent gate,
100143 | Pan      | Noticed Xojisioso the pandemonium lord
100150 | Pan      | Killed Xojisioso the pandemonium lord
100459 | Pan      | Found an exit through the horrors of the Abyss,
100687 | Pan      | Noticed Upnisoil the pandemonium lord
100692 | Pan      | Killed Upnisoil the pandemonium lord
100708 | Pan      | Found a basalt altar of Yredelemnul,
101024 | Pan      | Noticed Pogupso the pandemonium lord
101030 | Pan      | Found an exit through the horrors of the Abyss,
101031 | Pan      | Killed Pogupso the pandemonium lord
101646 | Pan      | Gained mutation: You are weak. (Str -2) [a neqoxec]
101755 | Pan      | Noticed Afoutz the pandemonium lord
101757 | Pan      | Killed Afoutz the pandemonium lord
102261 | Pan      | Gained mutation: Your body sometimes deteriorates upon
                  | taking damage. [a neqoxec]
102355 | Pan      | Found an exit through the horrors of the Abyss,
102609 | Pan      | Lost mutation: Your magical capacity is low. (-10% MP)
                  | [potion of mutation]
102609 | Pan      | Lost mutation: You occasionally shout uncontrollably at
                  | your foes. [potion of mutation]
102609 | Pan      | Gained mutation: Your body often deteriorates upon taking
                  | damage. [potion of mutation]
102609 | Pan      | Gained mutation: Scrolls take you a little longer to read.
                  | [potion of mutation]
102609 | Pan      | Gained mutation: Your mind is acute. (Int +2) [potion of
                  | mutation]
102610 | Pan      | Lost mutation: Scrolls take you a little longer to read.
                  | [potion of mutation]
102610 | Pan      | Lost mutation: Armour fits poorly on your strangely shaped
                  | body. [potion of mutation]
102610 | Pan      | Lost mutation: You are partially covered in thin metallic
                  | scales. (AC +2) [potion of mutation]
102610 | Pan      | Gained mutation: You are partially covered in large bone
                  | plates. (SH +4) [potion of mutation]
102610 | Pan      | Gained mutation: You possess an exceptional clarity of
                  | mind. [potion of mutation]
102611 | Pan      | Lost mutation: Your mind is acute. (Int +2) [potion of
                  | mutation]
102611 | Pan      | Lost mutation: You are resistant to hostile enchantments.
                  | (MR+) [potion of mutation]
102611 | Pan      | Lost mutation: You are partially covered in slimy green
                  | scales. (AC +2) [potion of mutation]
102611 | Pan      | Lost mutation: You are weak. (Str -2) [potion of mutation]
102611 | Pan      | Gained mutation: You have large cloven feet. [potion of
                  | mutation]
102611 | Pan      | Gained mutation: You are agile. (Dex +2) [potion of
                  | mutation]
102612 | Pan      | Lost mutation: You are agile. (Dex +2) [potion of mutation]
102612 | Pan      | Lost mutation: Your body often deteriorates upon taking
                  | damage. [potion of mutation]
102612 | Pan      | Gained mutation: Your mind is acute. (Int +2) [potion of
                  | mutation]
102612 | Pan      | Lost mutation: Your mind is acute. (Int +2) [potion of
                  | mutation]
102612 | Pan      | Gained mutation: Your muscles are strong. (Str +2) [potion
                  | of mutation]
102613 | Pan      | Lost mutation: You have large cloven feet. [potion of
                  | mutation]
102613 | Pan      | Lost mutation: You are partially covered in large bone
                  | plates. (SH +4) [potion of mutation]
102613 | Pan      | Gained mutation: You have a somewhat thin skeletal
                  | structure. (Dex +2, Stealth) [potion of mutation]
102614 | Pan      | Lost mutation: Your muscles are strong. (Str +2) [potion of
                  | mutation]
102614 | Pan      | Lost mutation: Your body sometimes deteriorates upon taking
                  | damage. [potion of mutation]
102614 | Pan      | Gained mutation: You are weak. (Str -2) [potion of
                  | mutation]
102614 | Pan      | Gained mutation: Your spells are a little harder to cast,
                  | but a little more powerful. [potion of mutation]
102614 | Pan      | Gained mutation: You evolve. [potion of mutation]
103007 | Pan      | Gained mutation: Potions are less effective at restoring
                  | your health. [a cacodemon]
103021 | Pan      | Noticed Vaceyl the pandemonium lord
103024 | Pan      | Killed Vaceyl the pandemonium lord
103058 | Pan      | Lost mutation: You possess an exceptional clarity of mind.
                  | [a cacodemon]
103065 | Pan      | Gained mutation: You tend to lose your temper in combat. [a
                  | cacodemon]
103492 | Pan      | Gained mutation: You are clumsy. (Dex -2) [evolution]
103496 | Pan      | Lost mutation: You are clumsy. (Dex -2) [potion of
                  | mutation]
103496 | Pan      | Lost mutation: You evolve. [potion of mutation]
103496 | Pan      | Gained mutation: You expend magic power (3 MP) to
                  | strengthen your wands. [potion of mutation]
103496 | Pan      | Gained mutation: You are partially covered in rugged brown
                  | scales. (AC +1, +3% HP) [potion of mutation]
103497 | Pan      | Lost mutation: You have a somewhat thin skeletal structure.
                  | (Dex +2, Stealth) [potion of mutation]
103497 | Pan      | Lost mutation: You are weak. (Str -2) [potion of mutation]
103497 | Pan      | Lost mutation: You are partially covered in rugged brown
                  | scales. (AC +1, +3% HP) [potion of mutation]
103497 | Pan      | Lost mutation: Your spells are a little harder to cast, but
                  | a little more powerful. [potion of mutation]
103497 | Pan      | Gained mutation: Armour fits poorly on your strangely
                  | shaped body. [potion of mutation]
103497 | Pan      | Lost mutation: You tend to lose your temper in combat.
                  | [potion of mutation]
103497 | Pan      | Gained mutation: You have a pair of small antennae on your
                  | head. [potion of mutation]
103498 | Pan      | Lost mutation: Potions are less effective at restoring your
                  | health. [potion of mutation]
103498 | Pan      | Lost mutation: You expend magic power (3 MP) to strengthen
                  | your wands. [potion of mutation]
103498 | Pan      | Gained mutation: Scrolls take you a little longer to read.
                  | [potion of mutation]
103498 | Pan      | Gained mutation: You are dopey. (Int -2) [potion of
                  | mutation]
103498 | Pan      | Gained mutation: Your flesh is cold resistant. (rC+)
                  | [potion of mutation]
103499 | Pan      | Lost mutation: Armour fits poorly on your strangely shaped
                  | body. [potion of mutation]
103499 | Pan      | Lost mutation: Scrolls take you a little longer to read.
                  | [potion of mutation]
103499 | Pan      | Gained mutation: You are frail. (-10% HP) [potion of
                  | mutation]
103499 | Pan      | Gained mutation: You are clumsy. (Dex -2) [potion of
                  | mutation]
103499 | Pan      | Gained mutation: You have a pair of antennae on your head.
                  | [potion of mutation]
103500 | Pan      | Lost mutation: You are clumsy. (Dex -2) [potion of
                  | mutation]
103500 | Pan      | Lost mutation: Your flesh is cold resistant. (rC+) [potion
                  | of mutation]
103500 | Pan      | Gained mutation: You occasionally shout uncontrollably at
                  | your foes. [potion of mutation]
103500 | Pan      | Gained mutation: Your flesh is heat resistant. (rF+)
                  | [potion of mutation]
103501 | Pan      | Lost mutation: You are dopey. (Int -2) [potion of mutation]
103501 | Pan      | Lost mutation: You occasionally shout uncontrollably at
                  | your foes. [potion of mutation]
103501 | Pan      | Gained mutation: You have large cloven feet. [potion of
                  | mutation]
103501 | Pan      | Gained mutation: Your muscles are strong. (Str +2) [potion
                  | of mutation]
103667 | Pan      | Found an exit through the horrors of the Abyss,
103760 | Pan      | Identified the +0 pair of boots "Carchar" {rPois Int-4
                  | Dex+5 Slay+5} (You acquired it in Pandemonium)
103760 | Pan      | Identified the ring "Onkuygech" {rC+ MR+ rCorr Str+3} (You
                  | acquired it in Pandemonium)
104488 | Pan      | Noticed Buqi the pandemonium lord
104495 | Pan      | Killed Buqi the pandemonium lord
104569 | Pan      | Identified the +0 hat of Fortification {*Slow rElec rC++
                  | MR+} (You acquired it in Pandemonium)
104569 | Pan      | Identified the ring "Doeden" {rN+ Str+3} (You acquired it
                  | in Pandemonium)
105137 | Pan      | Lost mutation: You have a pair of antennae on your head.
                  | [potion of mutation]
105137 | Pan      | Lost mutation: Your flesh is heat resistant. (rF+) [potion
                  | of mutation]
105137 | Pan      | Lost mutation: You have a pair of small antennae on your
                  | head. [potion of mutation]
105137 | Pan      | Lost mutation: You are frail. (-10% HP) [potion of
                  | mutation]
105137 | Pan      | Gained mutation: You have a pair of small antennae on your
                  | head. [potion of mutation]
105137 | Pan      | Gained mutation: Your natural rate of healing is unusually
                  | fast. [potion of mutation]
105137 | Pan      | Gained mutation: You can translocate small distances at
                  | will. [potion of mutation]
105396 | Pan      | Noticed Lumenus the pandemonium lord
105402 | Pan      | Killed Lumenus the pandemonium lord
106056 | Pan      | Noticed Ciossor the pandemonium lord
106069 | Pan      | Killed Ciossor the pandemonium lord
106697 | Pan      | Noticed Athaedil the pandemonium lord
106698 | Pan      | Killed Athaedil the pandemonium lord
106704 | Pan      | Found a runed translucent door,
106719 | Pan      | Got a demonic rune of Zot
106959 | Pan      | Found an exit through the horrors of the Abyss,
106975 | Pan      | Reached skill level 27 in Earth Magic
107173 | Pan      | Entered the realm of Gloorx Vloq.
107310 | Pan      | Noticed Gloorx Vloq
107315 | Pan      | Killed Gloorx Vloq
107328 | Pan      | Got a dark rune of Zot
107562 | Pan      | Noticed Wiosaucs the pandemonium lord
107573 | Pan      | Killed Wiosaucs the pandemonium lord
107580 | Pan      | Entered the realm of Lom Lobon.
108370 | Pan      | Noticed Lom Lobon
108374 | Pan      | Killed Lom Lobon
108485 | Pan      | Got a magical rune of Zot
108829 | Pan      | Found an exit through the horrors of the Abyss,
109053 | Pan      | Noticed Uxtonaph the pandemonium lord
109059 | Pan      | Killed Uxtonaph the pandemonium lord
109084 | Pan      | Found an exit through the horrors of the Abyss,
109088 | Pan      | Noticed Tiecvi the pandemonium lord
109097 | Pan      | Killed Tiecvi the pandemonium lord
109196 | Pan      | Noticed Azxyb the pandemonium lord
109204 | Pan      | Killed Azxyb the pandemonium lord
109251 | Pan      | Noticed Joyf the pandemonium lord
109258 | Pan      | Killed Joyf the pandemonium lord
109277 | Pan      | Entered the realm of Mnoleg.
109314 | Pan      | Gained mutation: Your body sometimes deteriorates upon
                  | taking damage. [a cacodemon]
109322 | Pan      | Gained mutation: Scrolls take you a little longer to read.
                  | [a shining eye]
109328 | Pan      | Noticed Mnoleg
109331 | Pan      | Gained mutation: You are clumsy. (Dex -2) [a shining eye]
109333 | Pan      | Gained mutation: Your body often deteriorates upon taking
                  | damage. [a cacodemon]
109333 | Pan      | Lost mutation: Your muscles are strong. (Str +2) [a
                  | cacodemon]
109333 | Pan      | Gained mutation: Scrolls take you longer to read. [a
                  | neqoxec]
109335 | Pan      | Killed Mnoleg
109369 | Pan      | Identified Wakell's Incunabulum of Transmigration and the
                  | Escort
109376 | Pan      | Gained mutation: You are very clumsy. (Dex -4) [a neqoxec]
109416 | Pan      | Got a glowing rune of Zot
109443 | Pan      | Gained mutation: You are occasionally teleported next to
                  | monsters. [a shining eye]
109444 | Pan      | Gained mutation: You are frail. (-10% HP) [a shining eye]
109573 | Pan      | Noticed Ihet the pandemonium lord
109573 | Pan      | Gained mutation: You are very frail. (-20% HP) [a
                  | cacodemon]
109576 | Pan      | Killed Ihet the pandemonium lord
109581 | Pan      | Reached skill level 27 in Fire Magic
109595 | Depths:3 | Escaped Pandemonium
109901 | Tomb:1   | Entered Level 1 of the Tomb of the Ancients
110026 | Tomb:1   | Reached skill level 27 in Ice Magic
110030 | Tomb:1   | Noticed a greater mummy
110041 | Tomb:1   | Killed a greater mummy
110045 | Tomb:1   | Noticed an ancient lich
110046 | Tomb:1   | Killed an ancient lich
110073 | Tomb:1   | Noticed a greater mummy
110074 | Tomb:1   | Noticed a greater mummy
110074 | Tomb:1   | Noticed a greater mummy
110074 | Tomb:1   | Noticed a greater mummy
110075 | Tomb:1   | Noticed a greater mummy
110077 | Tomb:1   | Killed a greater mummy
110077 | Tomb:1   | Killed a greater mummy
110077 | Tomb:1   | Killed a greater mummy
110103 | Tomb:1   | HP: 5/159 [jiangshi[a greater mummy] (16)]
110104 | Tomb:1   | Killed from afar by a greater mummy

Levels and vault maps discovered:
D:1:      elethiomel_arrival_infinity_welcomes_careful_drivers, layout_basic,
          minmay_fountain_box, grunt_decor_one_mirror
D:2:      layout_rooms, chequers_ecumenical_altar_twisty, uniq_natasha
D:3:      layout_basic, grunt_temple_overflow_holy_war,
          grunt_temple_overflow_order_and_chaos_1, minitemple, first_ration
D:4:      layout_cave_pools, lightli_ossuary_entry_decrepit_ruins, serial_shops,
          shop
D:5:      layout_cave_pods, overflow_temple_1_default, elyvilon_altar_3
D:6:      wander_guarded_unrand_ratskin, layout_cave_pools,
          vehumet_altar_wand_db, nicolae_ru_the_path_less_chosen,
          old_standard_altar, gammafunk_ghost_icy
D:7:      layout_basic, minmay_temple_entry_sparse_star, grunt_ogre_cave,
          uniq_harold
D:8:      layout_basic
D:9:      layout_basic, serial_shops, nicolae_shop_trees, minmay_misc_feat_rows
D:10:     layout_layer_cave, lair_entry_dummy, serial_shops,
          nicolae_shop_statue_plus, nemelex_diamond_rough_becter
D:11:     layout_loops_corners, erik_orc_2
D:12:     minmay_wavy_crystal, layout_irregular_city, serial_shops, shop
D:13:     layout_stronghold, david_vaults_1, basic_altar, enter_trove_6,
          serial_shops, shop
D:14:     layout_roguey, basic_altar, corner_web_ring
D:15:     grunt_enter_depths_snipers, layout_small_grid,
          minmay_tree_intersection, uniq_kirke
Temple:   jpeg_temple_island
Lair:1:   layout_regular_city, gauntlet_entry_generic, minivault_25,
          beast_lair_carwin_2, uniq_sonja
Lair:2:   layout_gridlike, serial_bayou_shore_b
Lair:3:   layout_hall_layers, minmay_snake_entry_six_corridors,
          ebering_ghost_inner_flame, beast_lair_carwin_8, serial_bayou_shore_b
Lair:4:   layout_layer_cave, minmay_swamp_entry_reptiles, serial_bayou_shore_a
Lair:5:   layout_roguey, minmay_slime_entry_jelly_boxes,
          minmay_lair_oklob_chamber
Lair:6:   minmay_lair_end_enchanted_forest, layout_regular_city
Swamp:1:  layout_basic_swamp, evilmike_swamp_ruin_house_3
Swamp:2:  layout_falls_marsh, nicolae_swamp_treefoil, nicolae_swamp_stair_fork
Swamp:3:  layout_basic_swamp, evilmike_swamp_ruin_house_6
Swamp:4:  swamp_alternative, layout_basic_swamp
Snake:1:  gammafunk_the_bubble [the_bubble_gammafunk_roulette], layout_basic,
          serial_shops, shop, shop
Snake:2:  layout_cave_shapes, serial_shops, shop, hangedman_venom_bottle
Snake:3:  layout_rooms
Snake:4:  minmay_snake_end_coiled, layout_chambers, basic_altar,
          nicolae_snake_shapes, uniq_roxanne
Slime:1:  layout_caves
Slime:2:  layout_caves
Slime:3:  layout_caves
Slime:4:  layout_caves
Slime:5
Orc:1:    layout_caves, serial_shops, shop, trog_hazing_becter, uniq_josephine
Orc:2:    st_orc_congregation, layout_diamond_mine, serial_shops, shop
Elf:1:    due_chaos_kobolds, layout_gridlike, hangedman_elf_represent,
          drop_trap, minmay_elf_annihilation
Elf:2:    layout_rooms, basic_altar
Elf:3:    minmay_elf_hall_spiked, layout_geoelf_diagonals, basic_altar,
          serial_shops, shop, minivault_16, elf_orc_summit_meeting
Vaults:1: nicolae_vaults_stairing_the_circle, hangedman_vaults_locks,
          hangedman_vaults_maws, v_alt_pattern_1, vaults_room_door_hall,
          ontoclasm_vaults_bender, hangedman_vaults_capsules, v_misc_11,
          vaults_dpeg_hooks, vaults_room_stairs_pillars, v_misc_24,
          layout_vaults_maze
Vaults:2: gammafunk_vaults_ghost_tricky_traps, ontoclasm_vaults_eye,
          nicolae_vaults_know_your_exits, v_misc_9, v_rooms_6,
          vaults_dpeg_spiral, hangedman_vaults_restitches, v_rooms_3,
          nicolae_vaults_shelves_hall, v_misc_26, nicolae_vaults_shelves_hall,
          layout_vaults_ring, uniq_xtahua
Vaults:3: minmay_crypt_entry_simple_plaza, nicolae_vaults_ninety_degrees,
          v_alt_pattern_3, vaults_room_pool, nicolae_vaults_little_squares_1,
          v_misc_19, vaults_room_stairs_pillars, v_pattern_1, v_alt_pattern_3,
          v_misc_16, nicolae_vaults_asterisk, v_rooms_5, hangedman_vaults_trim,
          vaults_room_hallway, v_misc_1, vaults_mumra_lcd,
          nicolae_vaults_border_crossing, layout_vaults_big_cross,
          uniq_bai_suzhen, uniq_boris, uniq_nikola
Vaults:4: ontoclasm_vaults_ring_large, v_rooms_5, nicolae_vaults_network_square,
          nicolae_vaults_twisting_passages, nicolae_vaults_network_star,
          v_pattern_4, nicolae_vaults_windows_and_doors_thing,
          layout_vaults_chaotic_city
Vaults:5
Crypt:1:  layout_chaotic_city, uniq_margery
Crypt:2:  layout_misc_corridors, gammafunk_ghost_abyssal_escape
Crypt:3:  church_of_pain_bobbens, layout_chaotic_city,
          tomb_entry_forgotten_bobbens
Tomb:1
Depths:1: layout_cave_shapes, mu_enter_wizlab_1, grunt_decor_arrowhead,
          gammafunk_ghost_wrathful_warriors, grunt_hell_entry_dis_mu,
          minmay_crystal_box
Depths:2: kennysheep_ambush_hall, layout_basic, enter_ziggurat_a,
          lightli_too_deep, marbit_kobold_abyss_entry,
          roderic_lattice_octagonal_star
Depths:3: grunt_deathspiral_large, layout_gridlike, hell_entry,
          grunt_pan_entry_zigzag, chequers_decorated_corner
Depths:4: gammafunk_corrupted_shrine, layout_cave_pools,
          kennysheep_decorative_pillar, pf_coc_iceberg, abyss_entry,
          kennysheep_potato, uniq_mara
Depths:5: grunt_zot_entry_hairpin, layout_basic, pf_hell_entry_tar_river,
          abyss_entry_small_statue_room, minmay_strange_pillars,
          kennysheep_random_hallway, minmay_shop_grove
Zot:1:    layout_concentric_octagons
Zot:2:    layout_misc_corridors
Zot:3:    layout_basic
Zot:4:    layout_cathedral_of_symmetry
Zot:5:    layout_basic, grunt_ministairs_7

Skill      XL: |  1  2  3  4  5  6  7  8  9 10 11 12 13 14 15 16 17 18 19 20 21 22 23 24 25 26 27 |
---------------+----------------------------------------------------------------------------------+-----
Earth Magic    | 4 5 6 7 8 9 10 11 12 13 14 15 18 22 27 | 27.0
Conjurations   | 1 2 3 4 5 6 7 8 9 10 11 12 13 14 15 16 17 20 | 20.0
Spellcasting   | 3 4 5 6 7 8 9 10 11 12 13 14 15 27 | 27.0
Fighting       | 1 3 4 5 6 7 8 9 10 11 12 13 14 15 16 27 | 27.0
Maces & Flails | 1 3 4 5 6 7 8 9 10 11 12 13 14 | 14.0
Armour         | 1 3 4 5 6 8 |  8.5
Dodging        | 3 4 5 6 7 8 9 10 11 12 13 15 | 15.0
Evocations     | 1 3 4 5 6 |  6.0
Fire Magic     | 3 6 8 10 13 16 19 20 21 22 27 | 27.0
Staves         | 3 7 8 |  8.0
Transmutations | 10 | 10.0
Necromancy     | 17 | 17.0
Polearms       | 11 | 11.2
Ice Magic      | 27 | 27.0
Charms         | 10 | 10.0
Air Magic      | 26 | 26.2
Translocations | 15 | 15.0
Stealth        | |  2.1

Action                   |  1- 3 |  4- 6 |  7- 9 | 10-12 | 13-15 | 16-18 | 19-21 | 22-24 | 25-27 || total
-------------------------+-------+-------+-------+-------+-------+-------+-------+-------+-------++-------
Melee: Short sword       |    59 |       |       |       |       |       |       |       |       ||    59
       Dagger            |     6 |       |       |   315 |   625 |       |       |       |       ||   946
       Battleaxe         |    35 |   425 |   336 |    74 |       |       |       |       |       ||   870
       Unarmed           |       |       |     8 |       |       |       |       |       |       ||     8
       Morningstar       |       |       |       |       |   609 |   118 |       |       |       ||   727
       Flail             |       |       |       |       |       |  1134 |   677 |   453 |   376 ||  2640
       Staff             |       |       |       |       |       |       |       |    22 |  2522 ||  2544
       Headbutt          |       |       |       |       |       |       |       |       |   253 ||   253
       Lance             |       |       |       |       |       |       |       |       |    35 ||    35
Throw: Throwing net      |       |     1 |       |       |     1 |       |       |       |       ||     2
 Cast: Sandblast         |    29 |    22 |    88 |   151 |    49 |    45 |    22 |    17 |       ||   423
       Stone Arrow       |     1 |    38 |    23 |    51 |   136 |     4 |     1 |     3 |     8 ||   265
       Lee's Rapid Decon |       |       |     5 |    68 |    80 |    52 |    59 |     7 |    17 ||   288
       Dazzling Flash    |       |       |       |     3 |    10 |       |       |       |       ||    13
       Iron Shot         |       |       |       |     3 |    87 |   167 |   179 |   169 |   184 ||   789
       Bolt of Magma     |       |       |       |       |    37 |     2 |       |       |     1 ||    40
       Mephitic Cloud    |       |       |       |       |     2 |       |       |       |       ||     2
       Starburst         |       |       |       |       |       |    28 |       |     4 |       ||    32
       Ignition          |       |       |       |       |       |    13 |    84 |    71 |   115 ||   283
       Shatter           |       |       |       |       |       |       |       |    65 |   593 ||   658
       Fire Storm        |       |       |       |       |       |       |       |       |   196 ||   196
       Lehudib's Crystal |       |       |       |       |       |       |       |       |   115 ||   115
       Absolute Zero     |       |       |       |       |       |       |       |       |    73 ||    73
       Tornado           |       |       |       |       |       |       |       |       |    46 ||    46
       Necromutation     |       |       |       |       |       |       |       |       |     1 ||     1
 Abil: Evoke Ratskin     |       |       |     1 |       |     1 |       |       |       |       ||     2
       Fly               |       |       |       |       |     1 |       |       |       |       ||     1
       End Transformatio |       |       |       |       |       |       |       |       |     1 ||     1
Evoke: Wand              |       |       |     8 |    24 |    16 |     6 |    13 |    23 |    13 ||   103
       Lightning rod     |       |       |       |       |     6 |     7 |       |       |       ||    13
       Box of beasts     |       |       |       |       |     2 |       |       |       |     1 ||     3
       Phial of floods   |       |       |       |       |       |     1 |       |     1 |       ||     2
       Removed lamp of f |       |       |       |       |       |       |       |     1 |     1 ||     2
       Phantom mirror    |       |       |       |       |       |       |       |       |     1 ||     1
       Figurine of a zig |       |       |       |       |       |       |       |       |     2 ||     2
  Use: Scroll            |     3 |     6 |    11 |     9 |    20 |    14 |    17 |    11 |    86 ||   177
       Potion            |       |       |     2 |     1 |    17 |     3 |     9 |    11 |    63 ||   106
 Stab: Sleeping          |     1 |     2 |     6 |     1 |     1 |     5 |       |     1 |     3 ||    20
       Invisible         |       |       |       |       |     5 |       |       |       |       ||     5
       Confused          |       |       |       |       |     3 |     1 |       |       |       ||     4
       Distracted        |       |       |       |       |       |     2 |       |     1 |       ||     3
  Eat: Chunk             |     2 |    13 |    14 |    34 |    96 |    92 |    93 |   111 |   134 ||   589
       Ration            |       |     1 |     1 |     4 |     7 |    12 |    20 |    14 |    51 ||   110
Armor: Robe              |    61 |   429 |   254 |   263 |       |       |       |       |       ||  1007
       Leather armour    |       |       |       |    69 |   971 |   773 |   486 |   397 |    55 ||  2751
       Troll leather arm |       |       |       |       |       |       |       |       |  1883 ||  1883
Dodge: Dodged            |   116 |   630 |   448 |   567 |  1665 |  1255 |   648 |   522 |  2993 ||  8844
Block: Other             |       |       |       |       |       |       |       |       |   531 ||   531
       Reflection        |       |       |       |       |       |       |       |       |    15 ||    15

Table legend:
 A = Non-vault XP
 B = Vault XP
 C = Vault XP percentage of total XP
 D = Non-vault monster count
 E = Vault monster count
 F = Vault count percentage of total count
                 A         B        C        D         E       F
            +---------+---------+-------+---------+---------+-------
      Total | 3986600 | 1490900 |  27.2 |    4806 |    1406 |  22.6
            +---------+---------+-------+---------+---------+-------
        D:1 |      88 |       0 |   0.0 |      16 |       0 |   0.0
        D:2 |     118 |      35 |  22.9 |      24 |       1 |   4.0
        D:3 |     224 |       0 |   0.0 |      19 |       0 |   0.0
        D:4 |     211 |       0 |   0.0 |      12 |       0 |   0.0
        D:5 |     553 |       0 |   0.0 |      20 |       0 |   0.0
        D:6 |     475 |     171 |  26.5 |       9 |      22 |  71.0
        D:7 |     690 |    1124 |  62.0 |      11 |       2 |  15.4
        D:8 |    3164 |       0 |   0.0 |      38 |       0 |   0.0
        D:9 |    2192 |       0 |   0.0 |      26 |       0 |   0.0
       D:10 |    1937 |       0 |   0.0 |      25 |       0 |   0.0
       D:11 |    4994 |     684 |  12.0 |      42 |      21 |  33.3
       D:12 |    6125 |    1805 |  22.8 |      44 |       3 |   6.4
       D:13 |   11612 |    1994 |  14.7 |      51 |       5 |   8.9
       D:14 |   14846 |    2080 |  12.3 |      42 |       1 |   2.3
       D:15 |   26764 |    2278 |   7.8 |      62 |       3 |   4.6
     Lair:1 |    5428 |    1266 |  18.9 |      26 |       5 |  16.1
     Lair:2 |    3983 |       0 |   0.0 |      22 |       0 |   0.0
     Lair:3 |    4934 |    4005 |  44.8 |      19 |      27 |  58.7
     Lair:4 |    3658 |    1177 |  24.3 |      14 |       4 |  22.2
     Lair:5 |    5041 |    3352 |  39.9 |      19 |      21 |  52.5
     Lair:6 |    9560 |    8441 |  46.9 |      17 |      44 |  72.1
    Swamp:1 |   20523 |       0 |   0.0 |      56 |       0 |   0.0
    Swamp:2 |   11572 |       0 |   0.0 |      37 |       0 |   0.0
    Swamp:3 |    5658 |       0 |   0.0 |      18 |       0 |   0.0
    Swamp:4 |   12828 |   22234 |  63.4 |      30 |      30 |  50.0
    Snake:1 |   17596 |    8211 |  31.8 |      36 |      15 |  29.4
    Snake:2 |   22875 |    6061 |  20.9 |      42 |      20 |  32.3
    Snake:3 |   17069 |       0 |   0.0 |      38 |       0 |   0.0
    Snake:4 |   32075 |   29859 |  48.2 |      60 |      50 |  45.5
    Slime:1 |   10266 |       0 |   0.0 |      10 |       0 |   0.0
    Slime:2 |    6441 |       0 |   0.0 |      10 |       0 |   0.0
    Slime:3 |    4364 |       0 |   0.0 |       2 |       0 |   0.0
    Slime:4 |   12467 |    2515 |  16.8 |      24 |       1 |   4.0
    Slime:5 |   14464 |   31406 |  68.5 |      14 |      13 |  48.1
      Orc:1 |    4320 |    1922 |  30.8 |      34 |      12 |  26.1
      Orc:2 |    2931 |   11222 |  79.3 |      41 |      72 |  63.7
      Elf:1 |   25021 |   12352 |  33.1 |      37 |      25 |  40.3
      Elf:2 |   36019 |    1799 |   4.8 |      53 |       2 |   3.6
      Elf:3 |   10930 |   75479 |  87.4 |      18 |      62 |  77.5
   Vaults:1 |   29844 |   10211 |  25.5 |      51 |      21 |  29.2
   Vaults:2 |   26331 |   34809 |  56.9 |      42 |      42 |  50.0
   Vaults:3 |   33691 |   44665 |  57.0 |      50 |      40 |  44.4
   Vaults:4 |   22486 |   38159 |  62.9 |      33 |      36 |  52.2
   Vaults:5 |   32696 |  125501 |  79.3 |      40 |      98 |  71.0
    Crypt:1 |   26605 |    8419 |  24.0 |      32 |       5 |  13.5
    Crypt:2 |   45656 |   24771 |  35.2 |      56 |      12 |  17.6
    Crypt:3 |   26441 |   65811 |  71.3 |      38 |      71 |  65.1
     Tomb:1 |    1116 |   56349 |  98.1 |       8 |      26 |  76.5
   Depths:1 |   45327 |    5112 |  10.1 |      58 |       5 |   7.9
   Depths:2 |   39860 |   13133 |  24.8 |      52 |      14 |  21.2
   Depths:3 |   51055 |   60662 |  54.3 |      53 |      54 |  50.5
   Depths:4 |   76866 |   25895 |  25.2 |      69 |      19 |  21.6
   Depths:5 |   72280 |   37747 |  34.3 |      65 |      26 |  28.6
      Zot:1 |   48396 |       0 |   0.0 |      36 |       0 |   0.0
      Zot:2 |   21798 |       0 |   0.0 |      12 |       0 |   0.0
      Zot:3 |   27405 |       0 |   0.0 |      19 |       0 |   0.0
      Zot:4 |   57859 |       0 |   0.0 |      33 |       0 |   0.0
      Zot:5 |   36283 |  170163 |  82.4 |      24 |      41 |  63.1
    Abyss:2 |   57800 |   14912 |  20.5 |     139 |      23 |  14.2
    Abyss:3 |   16782 |   21857 |  56.6 |      22 |      18 |  45.0
        Pan |  401427 |  428019 |  51.6 |     488 |     299 |  38.0
      Zig:1 |    3711 |    2223 |  37.5 |       6 |       4 |  40.0
      Zig:2 |   11796 |       0 |   0.0 |       4 |       0 |   0.0
      Zig:3 |   13966 |    2747 |  16.4 |       8 |       4 |  33.3
      Zig:4 |   14736 |    2453 |  14.3 |      13 |       4 |  23.5
      Zig:5 |   20468 |       0 |   0.0 |      18 |       0 |   0.0
      Zig:6 |   18614 |       0 |   0.0 |      23 |       0 |   0.0
      Zig:7 |   24401 |       0 |   0.0 |      29 |       0 |   0.0
      Zig:8 |   41352 |       0 |   0.0 |      28 |       0 |   0.0
      Zig:9 |   29283 |       0 |   0.0 |      42 |       0 |   0.0
     Zig:10 |   39199 |       0 |   0.0 |      56 |       0 |   0.0
     Zig:11 |   41111 |       0 |   0.0 |      50 |       0 |   0.0
     Zig:12 |   49940 |       0 |   0.0 |      67 |       0 |   0.0
     Zig:13 |   41406 |       0 |   0.0 |      67 |       0 |   0.0
     Zig:14 |   73520 |    1354 |   1.8 |      67 |       2 |   2.9
     Zig:15 |  128058 |       0 |   0.0 |      61 |       0 |   0.0
     Zig:16 |  135944 |       0 |   0.0 |      79 |       0 |   0.0
     Zig:17 |   72669 |       0 |   0.0 |     112 |       0 |   0.0
     Zig:18 |  168297 |       0 |   0.0 |      72 |       0 |   0.0
     Zig:19 |  128429 |       0 |   0.0 |     110 |       0 |   0.0
     Zig:20 |   94608 |       0 |   0.0 |     147 |       0 |   0.0
     Zig:21 |  121606 |       0 |   0.0 |     144 |       0 |   0.0
     Zig:22 |  207459 |       0 |   0.0 |     130 |       0 |   0.0
     Zig:23 |  167101 |       0 |   0.0 |     145 |       0 |   0.0
     Zig:24 |  154095 |       0 |   0.0 |     195 |       0 |   0.0
     Zig:25 |  175279 |       0 |   0.0 |     190 |       0 |   0.0
     Zig:26 |  190582 |    2603 |   1.3 |     181 |       4 |   2.2
     Zig:27 |  244605 |       0 |   0.0 |     208 |       0 |   0.0
    Ossuary |       0 |     176 | 100.0 |       0 |      16 | 100.0
     WizLab |    2345 |   56886 |  96.0 |      16 |      48 |  75.0
   Gauntlet |       0 |    4791 | 100.0 |       0 |      13 | 100.0
            +---------+---------+-------+---------+---------+-------
